 Dungeon Crawl Stone Soup version 0.31-a0-765-g67fe2935dc (webtiles) character file.

Game seed: 10333206950634331278

2278930 MackTheKnife the Imperceptible (level 27, 201/201 HPs)
             Began as an Octopode Wanderer on Sept 14, 2023.
             Was the Champion of Cheibriados.
             Escaped with the Orb
             ... and 4 runes on Sept 15, 2023!
             The game lasted 03:19:48 (71211 turns).

MackTheKnife the Imperceptible (Octopode Wanderer) Turns: 71211, Time: 03:19:49

Health: 201/201    AC: 15    Str: 39    XL:     27
Magic:  43/43      EV: 46    Int: 46    God:    Cheibriados [******]
Gold:   5365       SH: 24    Dex: 44    Spells: 2/58 levels left

rFire   + + .        v - +8 demon trident "Rift" {distort, reach+, polearm}
rCold   + + +        Y - +4 kite shield {rC+ rF+}
rNeg    + + .        g - +2 hood of the Assassin {Detect Stab+ Stlth++}
rPois   +            Z - amulet of the Air {Inacc Air Fly rElec RMsl}
rElec   +            M - +4 ring of protection
rCorr   +            J - ring of Koamp {rC+ Int+4 Dex+6}
SInv    .            p - ring of Pessimism {Drain rPois rF+ AC+4 Str+7}
Will    ++++.        G - ring "Quahu" {rF- rCorr Str+3 Int+2}
Stlth   ++++         L - +6 ring of intelligence
HPRegen 0.53/turn    S - ring of Metsaitz {+Blink rElec rF+ rC+ Will+}
MPRegen 0.28/turn    W - ring of Hefyruf {Wiz rElec rN+ Will+}
                     H - ring "Visaveg" {rC+ rN+ AC+4 Str+2 Dex+3}

%: inaccuracy (-5), repel missiles, wizardry (x1)
@: flying, studying 5 skills, very slow
A: almost no armour, amphibious, 8 rings, camouflage 1, gelatinous body 1,
(nimble swimmer 1), tentacles, beak
0: Orb of Zot
}: 4/15 runes: barnacled, slimy, silver, gossamer
a: Renounce Religion, Evoke Blink, Bend Time, Temporal Distortion, Slouch, Step
From Time


You escaped.
You worshipped Cheibriados.
Cheibriados was exalted by your worship.
You visited 11 branches of the dungeon, and saw 54 of its levels.
You also visited: Gauntlet and Desolation.

You collected 9158 gold pieces.
You spent 3793 gold pieces at shops.


Innate Abilities, Weirdness & Mutations

You cannot wear most types of armour.
You are amphibious.
You can wear up to eight rings at the same time.
Your skin changes colour to match your surroundings (Stealth+).
Your rubbery body absorbs attacks. (AC +1, EV +1)
((You are camouflaged when in or above water. (Stealth+)))
You have tentacles for arms and can constrict up to eight enemies at once.
You have a beak for a mouth.


   Skills:
 - Level 20.0 Fighting
 - Level 1.0 Short Blades
 - Level 10.0 Maces & Flails
 - Level 14.0 Polearms
 + Level 19.4 Dodging
 - Level 21.0 Stealth
 - Level 16.0 Shields
 - Level 16.0 Spellcasting
 - Level 10.0 Conjurations
 - Level 5.0 Hexes
 - Level 10.0 Summonings
 - Level 16.4 Necromancy
 - Level 4.0 Translocations
 - Level 5.0 Ice Magic
 - Level 10.0 Air Magic
 - Level 4.0 Earth Magic
 - Level 4.2 Poison Magic
 - Level 12.2 Invocations
 - Level 10.0 Evocations


You had 2 spell levels left.
You knew the following spells:

 Your Spells              Type           Power      Damage    Failure   Level
a - Borgnjor's Revivific  Necr           56%        N/A       2%          8
b - Airstrike             Air            57%        2d(9-25)  1%          4
c - Borgnjor's Vile Clut  Necr/Erth      46%        N/A       1%          5
d - Freezing Cloud        Conj/Ice/Air   53%        6-21      1%          5
e - Leda's Unmaking       Conj/Erth      39%        9d7       2%          6
f - Blink                 Tloc           100%       N/A       1%          2
h - Animate Dead          Necr           100%       N/A       0%          4
i - Haunt                 Necr/Summ      51%        N/A       1%          7
j - Spellforged Servitor  Conj/Summ      45%        N/A       4%          7
k - Infestation           Necr           56%        N/A       2%          8

Your spell library contained the following spells:

 Spells                   Type           Power      Damage    Failure   Level
 Kiss of Death            Conj/Necr      100%       2d13      0%          1
 Magic Dart               Conj           100%       1d8       0%          1
 Necrotise                Necr           100%       1d9       0%          1
 Shock                    Conj/Air       100%       1d9       0%          1
 Summon Small Mammal      Summ           100%       N/A       0%          1
 Cigotuvi's Dreadful Rot  Necr/Pois/Air  100%       N/A       0%          2
 Searing Ray              Conj           100%       2d8       0%          2
 Static Discharge         Conj/Air       100%       2-7/arc   0%          2
 Sublimation of Blood     Necr           100%       N/A       0%          2
 Foxfire                  Conj/Fire      100%       2x1d9     1%          1
 Freeze                   Ice            100%       1d10      1%          1
 Sandblast                Erth           100%       2d20      1%          1
 Slow                     Hex            100%       N/A       1%          1
 Sting                    Tmut/Pois      100%       1d8       1%          1
 Lesser Beckoning         Tloc           100%       N/A       1%          2
 Momentum Strike          Conj/Tloc      100%       3d10      1%          2
 Passwall                 Tmut/Erth      44%        N/A       1%          2
 Poisonous Vapours        Pois/Air       100%       N/A       1%          2
 Scorch                   Fire           72%        2d8       1%          2
 Wereblood                Tmut           36%        N/A       1%          2
 Vampiric Draining        Necr           100%       2d13      0%          3
 Dispel Undead            Necr           100%       3d31      0%          4
 Call Canine Familiar     Summ           91%        N/A       1%          3
 Confusing Touch          Hex            70%        N/A       1%          3
 Frozen Ramparts          Ice            100%       1d16      1%          3
 Gell's Gravitas          Tloc           65%        N/A       1%          3
 Hailstorm                Conj/Ice       81%        3d16      1%          3
 Ignite Poison            Fire/Tmut/Pois 49%        N/A       1%          3
 Mephitic Cloud           Conj/Pois/Air  100%       N/A       1%          3
 Ozocubu's Armour         Ice            70%        N/A       1%          3
 Sigil of Binding         Hex            70%        N/A       1%          3
 Stone Arrow              Conj/Erth      100%       3d13      1%          3
 Summon Guardian Golem    Hex/Summ       82%        N/A       1%          3
 Swiftness                Air            100%       N/A       1%          3
 Teleport Other           Tloc           65%        N/A       1%          3
 Volatile Blastmotes      Fire/Tloc      100%       2d18      1%          3
 Anguish                  Hex/Necr       47%        N/A       1%          4
 Cause Fear               Hex            35%        N/A       1%          4
 Dimensional Bullseye     Hex/Tloc       34%        N/A       1%          4
 Flame Wave               Conj/Fire      70%        2d16      1%          4
 Fulminant Prism          Conj/Hex       41%        3d19      1%          4
 Iskenderun's Mystic Bla  Conj/Tloc      79%        2d16      1%          4
 Leda's Liquefaction      Hex/Erth       34%        N/A       1%          4
 Manifold Assault         Tloc           65%        N/A       1%          4
 Olgreb's Toxic Radiance  Pois           66%        N/A       1%          4
 Petrify                  Tmut/Erth      53%        N/A       1%          4
 Sticky Flame             Conj/Fire      70%        2d8       1%          4
 Summon Lightning Spire   Summ/Air       100%       N/A       1%          4
 Agony                    Necr           100%       N/A       1%          5
 Iskenderun's Battlesphe  Conj           91%        2d14      1%          5
 Lee's Rapid Deconstruct  Erth           32%        3d17*     1%          5
 Metabolic Englaciation   Hex/Ice        35%        N/A       1%          5
 Summon Forest            Summ/Tloc      39%        N/A       1%          5
 Conjure Ball Lightning   Conj/Air       57%        3x3d21    1%          6
 Death Channel            Necr           56%        N/A       1%          6
 Simulacrum               Ice/Necr       47%        N/A       1%          6
 Summon Cactus Giant      Summ           45%        N/A       1%          6
 Orb of Destruction       Conj           45%        9d12      4%          7
 Summon Hydra             Summ           45%        N/A       4%          7
 Plasma Beam              Fire/Air       45%        2x1d59    6%          6
 Dispersal                Tloc           32%        N/A       10%         6
 Enfeeble                 Hex            35%        N/A       32%         7
 Ozocubu's Refrigeration  Ice            35%        4d15      32%         7
 Death's Door             Necr           56%        N/A       36%         9
 Discord                  Hex            35%        N/A       92%         8
 Disjunction              Tloc           32%        N/A       98%         8
 Chain Lightning          Conj/Air       57%        3d76      99%         9
 Ignition                 Fire           18%        3d7       100%        8
 Fire Storm               Conj/Fire      35%        8d9       100%        9
 Shatter                  Erth           32%        3d26*     100%        9
 Animate Armour           Summ/Erth      Unusable   N/A       N/A         4

Inventory:

Hand Weapons
 a - the +3 Elemental Staff {ele, rElec rF+ rC+ AC+3}
   (You took it off a deep elf annihilator on level 3 of the Elven Halls)

   AC+3:      It affects your AC (+3).
   rF+:       It protects you from fire.
   rC+:       It protects you from cold.
   rElec:     It insulates you from electricity.
 v - the +8 demon trident "Rift" (weapon) {distort, reach+, polearm}
   (You found it on level 12 of the Dungeon)
Armour
 g - the +2 hood of the Assassin (worn) {Detect Stab+ Stlth++}
   (You acquired it on level 3 of the Vaults)

   Detect:    It allows the wearer to sense nearby creatures.
   Stab+:     It allows the wearer to make particularly effective stabbing
   attacks against helpless or unaware enemies with any weapon.
   Stlth++:   It makes you much more stealthy.
 Y - a +4 kite shield of resistance (worn)
   (You took it off a minotaur in a Gauntlet)
Jewellery
 p - the ring of Pessimism (on tentacle) {Drain rPois rF+ AC+4 Str+7}
   (You took it off a vault guard on level 5 of the Vaults)

   [ring of protection]

   AC+4:      It affects your AC (+4).
   Str+7:     It affects your strength (+7).
   rF+:       It protects you from fire.
   rPois:     It protects you from poison Drain: It drains your maximum health
   when unequipped.
 C - the ring of Ru's Castigation {Ice Int+3 Slay+3 SInv}
   (You took it off a deep elf demonologist on level 3 of the Elven Halls)

   [ring of ice]

   Ice:       It enhances your ice magic.
   Int+3:     It affects your intelligence (+3).
   Slay+3:    It affects your accuracy & damage with ranged weapons and melee
   (+3).
   rF-:       It makes you vulnerable to fire.
   rC+:       It protects you from cold.
   SInv:      It lets you see invisible.
 G - the ring "Quahu" (on tentacle) {rF- rCorr Str+3 Int+2}
   (You found it on level 4 of the Spider Nest)

   [ring of resist corrosion]

   Str+3:     It affects your strength (+3).
   Int+2:     It affects your intelligence (+2).
   rF-:       It makes you vulnerable to fire.
   rCorr:     It protects you from acid and corrosion.
 H - the ring "Visaveg" (on tentacle) {rC+ rN+ AC+4 Str+2 Dex+3}
   (You took it off a minotaur in a Gauntlet)

   [ring of protection]

   AC+4:      It affects your AC (+4).
   Str+2:     It affects your strength (+2).
   Dex+3:     It affects your dexterity (+3).
   rC+:       It protects you from cold.
   rN+:       It protects you from negative energy.
 J - the ring of Koamp (right tentacle) {rC+ Int+4 Dex+6}
   (You bought it in a shop on level 2 of the Orcish Mines)

   [ring of protection from cold]

   Int+4:     It affects your intelligence (+4).
   Dex+6:     It affects your dexterity (+6).
   rC+:       It protects you from cold.
 L - a +6 ring of intelligence (on tentacle)
   (You took it off an orc wizard on level 9 of the Dungeon)
 M - a +4 ring of protection (left tentacle)
   (You found it on level 12 of the Dungeon)
 N - a ring of protection from fire
   (You found it on level 4 of the Spider Nest)
 S - the ring of Metsaitz (on tentacle) {+Blink rElec rF+ rC+ Will+}
   (You acquired it on level 5 of the Dungeon)

   [ring of protection from fire]

   rF+:       It protects you from fire.
   rC+:       It protects you from cold.
   rElec:     It insulates you from electricity.
   Will+:     It increases your willpower.
   +Blink:    It lets you blink.
 W - the ring of Hefyruf (on tentacle) {Wiz rElec rN+ Will+}
   (You bought it in a shop on level 2 of the Elven Halls)

   [ring of wizardry]

   Wiz:       It improves your spell success rate.
   rElec:     It insulates you from electricity.
   rN+:       It protects you from negative energy.
   Will+:     It increases your willpower.
 Z - the amulet of the Air (around mantle) {Inacc Air Fly rElec RMsl}
   (You found it in a Gauntlet)

   [amulet of nothing]

   Inacc:     It reduces the accuracy of your attacks and spells.
   Air:       It enhances your air magic.
   rElec:     It insulates you from electricity.
   Fly:       It grants you flight.
   RMsl:      It protects you from missiles.
Wands
 c - a wand of polymorph (28)
 h - a wand of iceblast (68)
   (You found it on level 3 of the Dungeon)
 m - a wand of mindburst (35)
   (You found it on level 1 of the Lair of Beasts)
 r - a wand of acid (36)
   (You found it on level 2 of the Elven Halls)
 w - a wand of flame (114)
   (You took it off an orc wizard on level 5 of the Dungeon)
 I - a wand of digging (32)
   (You found it on level 7 of the Dungeon)
 K - a wand of paralysis (45)
   (You found it on level 2 of the Lair of Beasts)
Scrolls
 e - 4 scrolls of immolation {!r!r}
 j - 5 scrolls of amnesia
 l - 5 scrolls of teleportation {@r4}
 t - 6 scrolls of fear
 y - 2 scrolls of blinking {!r}
 z - 7 scrolls of fog
 B - 11 scrolls of poison {!r}
 E - 3 scrolls of identify {@r1}
 O - 12 scrolls of vulnerability {!r!r}
 Q - 5 scrolls of butterflies
 V - a scroll of revelation
Potions
 d - 6 potions of invisibility
 f - 9 potions of might
 i - 12 potions of curing {@q1}
 o - 18 potions of heal wounds {@q2}
 q - 5 potions of brilliance
 s - 4 potions of resistance
 u - 5 potions of enlightenment
 x - 5 potions of cancellation
 U - 4 potions of ambrosia
 X - 6 potions of mutation {!q}
Miscellaneous
 k - a phantom mirror
   (You found it on level 2 of the Shoals)
 D - a sack of spiders
   (You found it on level 2 of the Lair of Beasts)
 P - a lightning rod (4/4)
   (You bought it in a shop on level 10 of the Dungeon)
 T - a tin of tremorstones (2/2) {throwing}
   (You found it on level 2 of the Lair of Beasts)

Dungeon Overview and Level Annotations

Branches:
Dungeon (15/15)            Temple (0/1) D:4            Lair (5/5) D:10
 Shoals (4/4) Lair:2       Spider (4/4) Lair:3        Slime (5/5) Lair:4
    Orc (2/2) D:11            Elf (3/3) Orc:2        Vaults (5/5) D:13
  Crypt (2/3) Vaults:2     Depths (4/4) D:15            Zot (5/5) Depths:4
Desolation (visited)      Gauntlet (visited)

Altars:
Cheibriados
Dithmenos
Elyvilon
Fedhas
Hepliaklqana
Kikubaaqudgha
Makhleb
Okawaru
Qazlal
Ru
Sif Muna
Vehumet
Zin
The Shining One
Jiyva

Shops:
D:5 =   D:10 *   Orc:2 (:=[??[(   Elf:2 =   Shoals:1 :   Vaults:1 =
Depths:3 !*

Portals:
Hell: Depths:1 Depths:2 Depths:4
Abyss: Depths:2 Depths:3
Pandemonium: Orc:2 Depths:1 Depths:2
Ziggurat: Depths:4

Annotations:
D:6 exclusion: downstairs
D:11 3 runed translucent doors, Vorhees's ghost, journeyman OpSh
Lair:5 2 transporters, Swamplord's ghost, journeyman DsSh
Elf:2 3 runed translucent doors
Crypt:2 exclusion: 2 doom hounds, Grunn; Khufu
Depths:3 exclusions: 2 smoke demons and 3 more exclusions
Zot:4 1 transporter, exclusion: 2 upstairs
Zot:5 exclusion: 3 upstairs
Abyss:1 DocSulfur's ghost, adept FoBe

#....+.........###.........'.
#....#..####.### ###.####..#.
#....#.#.###.# #.###.#.#.
#....#.##.#.## ##.#[##.#.
#....#.###.## ##.###.#.
#....#.##.#.## ##.#.##.#.
#....#.#.###.# #.###.#.#.
#....#..####.### ###.####..#.
#....+......@..###.........+.
#....##.####.##.#.##.####.##.
####.###.###.###.###.###.###.
#.# ##.##.##.#.##.##.## #.
##.## ##.#.#.###.#.#.#####>
#...# ##...#####...###....
##.### ##.........## #....
##..########'#######+####....
#.........................###


There were no monsters in sight!


Message History

Your freezing wraith disappears in a puff of smoke!
The balrug gestures at you.
The sticky flame is repelled.
Your wraith hits the balrug.
Your wraith drains the balrug's vigour!
The balrug seems to slow down.
Your wraith is engulfed in freezing vapours.
Your wraith hits the balrug!
Your wraith drains the balrug's vigour!
The balrug seems to slow down.
Your phantasmal warrior hits the balrug!!!
Your wraith barely misses the balrug.
You miss the balrug.
Your phantasmal warrior disappears in a puff of smoke!
Your wraith is engulfed in freezing vapours.
Your wraith barely misses the balrug.
Your wraith closely misses the balrug.
Your wraith is engulfed in freezing vapours.
Your wraith hits the balrug!
Your wraith drains the balrug's vigour!
The balrug seems to slow down.
Your phantasmal warrior hits the balrug!!
The balrug dies!
Cheibriados appreciates the change of pace. 😎 MP[+1]
Your wraith is engulfed in freezing vapours. x2
Your wraith barely misses the sun demon.
Your wraith hits the sun demon but does no damage.
The sun demon hits your wraith!!
Your wraith is destroyed!
Your wraith disappears in a puff of smoke!
Your wraith hits the sun demon but does no damage.
Your wraith is engulfed in freezing vapours.
Your wraith disappears in a puff of smoke! x3
Your phantasmal warrior disappears in a puff of smoke!
Your spellforged servitor casts a spell at the sun demon.
The entropic shot hits the sun demon!!!
The sun demon is engulfed in freezing vapours. 😎 MP[+1]
The sun demon is engulfed in freezing vapours.
The sun demon hits your spellforged servitor but does no damage.
The sun demon is engulfed in freezing vapours.
You kill the sun demon!
Cheibriados thoroughly appreciates the change of pace. 😎 MP[+1]
You see here a +0 mace {mace}. 😎 MP[+1]
You can't go up here!
Your spellforged servitor disappears in a puff of smoke!
There is a stone staircase leading up here. 😎 MP[+1]
You fly upwards.
Level annotation: 3 runed translucent doors, Vorhees's ghost, journeyman OpSh
There is a stone staircase leading down here.
What level of the Dungeon? (default 1, ? - help)
There is an open door here.
You see here a +0 long sword {long}.
There is an open door here.
There is a stone staircase leading up, spattered with blood here.
You fly upwards.
There is a stone staircase leading down here.
You see here a +0 dagger {short}.
There is an open door here.
You see here a +0 war axe {axe}.
There is a stone staircase leading up here.
Items here: ))))))).
You fly upwards.
There is a stone staircase leading down here.
There is a stone staircase leading up here.
You fly upwards.
There is a stone staircase leading down here.
Things that are here:
a +0 robe; a +0 dagger {short}; a +0 club {mace}
There is a stone staircase leading up, spattered with blood here.
You fly upwards.
There is a stone staircase leading down here.
There is a stone staircase leading up here.
You fly upwards.
Level annotation: exclusion: downstairs
There is a stone staircase leading down here.
There is a stone staircase leading up here.
You fly upwards.
There is a stone staircase leading down here.
There is a stone staircase leading up here.
You fly upwards.
There is a stone staircase leading down here.
There is a stone staircase leading up here.
You fly upwards.
There is a stone staircase leading down here.
There is a stone staircase leading up here.
You fly upwards.
There is a stone staircase leading down here.
There is a stone staircase leading up here.
You fly upwards.
There is a stone staircase leading down here. 😎 MP[+20]
Your mp is fully restored (43).
Done exploring.
What level of the Dungeon? (default 1, ? - help)
Okay, then.
Unknown command.
You reach down and open the door.
There is an open door here.
There is a staircase leading out of the dungeon here.
You have escaped!

Skill      XL: |  1  2  3  4  5  6  7  8  9 10 11 12 13 14 15 16 17 18 19 20 21 22 23 24 25 26 27 |
---------------+----------------------------------------------------------------------------------+-----
Stealth        | 1 2 5 6 9 12 19 21 | 21.0
Poison Magic   | 1 4 |  4.2
Conjurations   | 1 3 4 5 6 8 10 | 10.0
Air Magic      | 1 5 8 10 | 10.0
Spellcasting   | 1 3 5 6 8 10 11 13 14 16 | 16.0
Hexes          | 1 5 |  5.0
Fighting       | 4 7 8 10 14 15 18 20 | 20.0
Dodging        | 5 6 8 10 12 14 16 19 | 19.4
Shields        | 5 6 8 10 15 16 | 16.0
Ice Magic      | 5 |  5.0
Translocations | 4 |  4.0
Summonings     | 5 6 10 | 10.0
Invocations    | 6 8 12 | 12.2
Evocations     | 6 8 9 10 | 10.0
Maces & Flails | 10 | 10.0
Necromancy     | 4 8 10 14 16 | 16.4
Earth Magic    | 4 |  4.0
Polearms       | 10 14 | 14.0
Short Blades   | |  1.0

Action                     |  1- 3 |  4- 6 |  7- 9 | 10-12 | 13-15 | 16-18 | 19-21 | 22-24 | 25-27 || total
---------------------------+-------+-------+-------+-------+-------+-------+-------+-------+-------++-------
  Melee: Mace              |    57 |    80 |   111 |    56 |       |       |       |       |       ||   304
         Constrict         |    12 |    21 |    28 |    34 |    34 |    67 |    34 |    84 |    45 ||   359
         Tentacles         |     8 |    13 |    31 |    33 |    51 |    79 |    73 |   162 |   138 ||   588
         Punch             |     1 |       |     1 |     3 |     1 |     5 |     3 |    18 |     8 ||    40
         Staff             |       |       |       |    54 |     2 |       |       |       |       ||    56
         Demon whip        |       |       |       |       |   169 |       |       |       |       ||   169
         Demon trident     |       |       |       |       |    23 |   540 |   621 |   951 |   833 ||  2968
         Peck              |       |       |       |       |       |       |       |       |    10 ||    10
   Cast: Poisonous Vapours |       |    18 |    40 |    65 |       |       |       |       |       ||   123
         Mephitic Cloud    |       |     1 |     9 |     4 |       |       |       |       |       ||    14
         Fulminant Prism   |       |       |    25 |    18 |     2 |       |       |       |       ||    45
         Freezing Cloud    |       |       |       |    47 |    62 |    63 |    58 |    35 |     9 ||   274
         Airstrike         |       |       |       |    53 |   277 |   121 |   130 |    45 |     9 ||   635
         Summon Forest     |       |       |       |     8 |    32 |    22 |    18 |     9 |     2 ||    91
         Blink             |       |       |       |     3 |     1 |     6 |       |    14 |    15 ||    39
         Summon Lightning  |       |       |       |       |    74 |    51 |    37 |     6 |     5 ||   173
         Borgnjor's Vile C |       |       |       |       |     6 |    10 |    17 |    25 |     9 ||    67
         Animate Dead      |       |       |       |       |     2 |     9 |    14 |    11 |     3 ||    39
         Teleport Other    |       |       |       |       |       |       |     1 |       |       ||     1
         Spellforged Servi |       |       |       |       |       |       |     4 |    35 |    28 ||    67
         Haunt             |       |       |       |       |       |       |     1 |    24 |    48 ||    73
         Infestation       |       |       |       |       |       |       |       |     1 |    11 ||    12
         Leda's Unmaking   |       |       |       |       |       |       |       |       |     9 ||     9
 Invoke: Slouch            |       |       |       |       |     1 |     8 |     5 |     6 |    10 ||    30
         Step From Time    |       |       |       |       |       |       |       |     1 |       ||     1
         Bend Time         |       |       |       |       |       |       |       |       |     1 ||     1
Ability: Evoke Blink       |       |       |       |       |       |     1 |       |       |       ||     1
  Evoke: Wand              |       |     2 |    14 |     5 |       |       |       |     1 |     2 ||    24
         Lightning rod     |       |       |       |     3 |     7 |     5 |    12 |       |     5 ||    32
         Sack of spiders   |       |       |       |       |     3 |     3 |     2 |       |     4 ||    12
         Tin of tremorston |       |       |       |       |       |     1 |     2 |     2 |     1 ||     6
         Phantom mirror    |       |       |       |       |       |       |     1 |       |     1 ||     2
    Use: Scroll            |     4 |     4 |     9 |    10 |    13 |     7 |     1 |     6 |    19 ||    73
         Potion            |       |     3 |       |       |       |     2 |       |     5 |     8 ||    18
   Stab: Sleeping          |    16 |    10 |     3 |       |     1 |    12 |    13 |    77 |    61 ||   193
         Distracted        |       |     1 |     1 |     2 |     8 |    39 |    26 |    50 |    41 ||   168
         Confused          |       |       |     7 |     1 |       |       |       |       |       ||     8
         Held in net/web   |       |       |       |       |       |       |       |       |     2 ||     2
 Armour: Skin              |    20 |    42 |    51 |    45 |    72 |   128 |    76 |   161 |   123 ||   718
  Dodge: Dodged            |    25 |    42 |   103 |    87 |   151 |   239 |   247 |   285 |   329 ||  1508
         Repelled          |       |       |       |       |       |     2 |     6 |    14 |    16 ||    38
  Block: Buckler           |       |       |     7 |   103 |   124 |    32 |       |       |       ||   266
         Reflection        |       |       |       |     8 |     8 |    15 |       |       |       ||    31
         Kite shield       |       |       |       |       |       |   221 |   290 |   355 |   369 ||  1235

Levels and vault maps discovered:
D:1:      roderic_octagonal_star, layout_rooms, ebering_ecumenical_altar_box
D:2:      layout_loops_ring
D:3:      layout_loops_ring, pf_just_have_faith,
          mainiacjoe_overflow_catwalk_spiral, kennysheep_potato
D:4:      layout_cave_pools, makhleb_altar_promises_db, temple_hall,
          minmay_misc_feat_four_crosses, serial_bayou_pond_e
D:5:      layout_basic, old_standard_altar, serial_rivers,
          chequers_serial_rivers_room_b, chequers_serial_rivers_small_3,
          chequers_serial_rivers_large_a, chequers_serial_rivers_micro_c,
          serial_shops, shop, chequers_jeans
D:6:      layout_basic
D:7:      layout_cave_pools, mainiacjoe_overflow_paths
D:8:      minmay_goldmine, layout_rooms, palyth_temple_overflow_mages,
          serial_demonic, serial_demonic_e, serial_demonic_g, serial_demonic_e,
          serial_demonic_f, serial_demonic_b
D:9:      layout_rooms, uniq_erica
D:10:     layout_roguey [special_room_orc], dpeg_lair_monsters,
          nicolae_blasting_shop, uniq_fannar
D:11:     layout_roguey, ploomutoo_gammafunk_ghost_potion_laboratory,
          palyth_stone_intersect, grunt_ogre_cave
D:12:     layout_irregular_city
D:13:     layout_roguey, david_vaults_2, special_room [special_room_orc],
          serial_aquarium, aquarium_bridge_island_small
          [aquarium_subvault_small_open, aquarium_subvault_bridge,
          aquarium_subvault_bridge, aquarium_subvault_balcony,
          aquarium_subvault_wall], aquarium_bridge_square
          [aquarium_subvault_wall, aquarium_subvault_wall,
          aquarium_subvault_bridge, aquarium_subvault_wall], aquarium_window_1,
          aquarium_window_1, aquarium_window_fake, aquarium_window_corner,
          aquarium_view_2e, aquarium_balcony_3a
D:14:     layout_loops_ring
D:15:     grunt_enter_depths_magical_seal, layout_cave_pools,
          gauntlet_entry_generic, grunt_dithmenos_smoke
Lair:1:   hellmonk_ruined_rings, layout_cave_pods, minmay_stone_trees_medium
Lair:2:   lemuel_ratsnest, layout_regular_city, minmay_shoals_entry_hut,
          uniq_amaemon, uniq_urug
Lair:3:   layout_chaotic_city, nicolae_spider_entry_non_spiders, pond
Lair:4:   layout_misc_corridors, minmay_slime_entry_pillars,
          hangedman_tree_tricks
Lair:5:   guppyfry_lair_end_dragon, layout_regular_city, wormcave,
          gammafunk_ghost_hive
Shoals:1: layout_shoals, serial_shops, nicolae_shop_competitors_out_of_business,
          nicolae_shoals_nymph_descending_staircase, uniq_kirke
Shoals:2: layout_shoals, nicolae_shoals_spring_well_temple, uniq_polyphemus
Shoals:3: layout_shoals, uniq_ilsuiw
Shoals:4: shoals_end_hellmonk_holy_island
Spider:1: layout_cave_pods, uniq_azrael
Spider:2: layout_spider_delve, uniq_mlioglotl
Spider:3: layout_cave_pods, hangedman_spider_mandibles,
          nicolae_spider_solar_radiation, uniq_bai_suzhen
Spider:4: spider_rune_water, ebering_ghost_reflecting_pool
Slime:1:  layout_caves
Slime:2:  layout_caves
Slime:3:  layout_caves, cheibrodos_slime_lost_civilization_5
Slime:4:  layout_caves, basic_altar
Slime:5:  slime_pit
Orc:1:    layout_caves
Orc:2:    pf_orc_diabolical, layout_caves, serial_shops, shop, shop, shop,
          nicolae_shop_back_alley_shop, uniq_sonja
Elf:1:    layout_gridlike, minmay_elf_annihilation, grunt_megastairs_5,
          lemuel_upstairs_altar
Elf:2:    nicolae_elf_blades_crystal_corner, layout_geoelf_octagon,
          serial_shops, nicolae_shop_tiny_glass, minmay_misc_feat_cross,
          minmay_misc_feat_columns, uniq_louise
Elf:3:    minmay_elf_hall_not_hex, layout_onion_city, nrook_uturn
Vaults:1: nicolae_vaults_little_squares_1, nicolae_vaults_storage_closets_1,
          st_lattice, nicolae_vaults_lightning_bolt, v_alt_pattern_3,
          ontoclasm_vaults_twist, nicolae_vaults_house_3,
          vaults_room_semicircle, vaults_room_hallway,
          nicolae_vaults_three_branches, nicolae_vaults_more_shelving_1,
          nicolae_vaults_double_plus_2, v_misc_23,
          nicolae_vaults_diagonal_hallway_7, layout_vaults_omnicross,
          serial_shops, nicolae_shop_crystal
Vaults:2: minmay_crypt_entry_simple_box, nicolae_vaults_disappearing_quadrants,
          ontoclasm_vaults_ring_large, v_pattern_1, vaults_room_fancy_cross,
          vaults_room_fours, nicolae_vaults_diamond_1,
          nicolae_vaults_tetromino_L_1, layout_vaults_quadrants
Vaults:3: st_cells, nicolae_vaults_yaktaur_gun_rack, nicolae_vaults_asterisk,
          nicolae_vaults_diamond_1, nicolae_vaults_more_shelving_2,
          nicolae_vaults_tetromino_T_2, ontoclasm_vaults_ligature,
          vaults_dpeg_emergency_exit, nicolae_vaults_closet_pinwheel_5,
          grunt_vaults_focal, nicolae_vaults_variable_pillar_hall_cross,
          hangedman_vaults_unwind, grunt_vaults_hallway_long, layout_vaults_maze
Vaults:4: portal_desolation_entry_twin_temple, hangedman_vaults_maws,
          nicolae_vaults_heist, v_misc_26, nicolae_vaults_shock_wave, v_misc_13,
          nicolae_vaults_network_barrier, ontoclasm_vaults_gateway,
          nicolae_vaults_tetromino_T_1, nicolae_vaults_hexular_roomagon,
          vaults_mumra_chevron, hangedman_vaults_corner_blocks,
          nicolae_vaults_double_plus_3, hangedman_vaults_corner_blocks,
          nicolae_vaults_trapezoid_4, layout_vaults_omnibox
Vaults:5: serial_shops, uniq_xtahua
Crypt:1:  layout_gridlike
Crypt:2:  layout_rooms, uniq_jory, uniq_grunn, uniq_khufu
Depths:1: layout_cave_pools, pf_vacation_house_of_asmodeus,
          nicolae_qazlal_scattered_showers, pan_entry,
          kennysheep_generic_room_3, serial_bayou_shore_b
Depths:2: minmay_two_paths, layout_cross, rand_demon_pan_entry_3, abyss_entry,
          hell_entry, serial_glass, glass_columns_b, glass_columns_a,
          glass_columns_c, glass_columns_a
Depths:3: minmay_the_grid_square_5x5_5x5
          [minmay_the_grid_square_5x5_half_checkered,
          minmay_the_grid_square_5x5_inner_z,
          minmay_the_grid_square_5x5_broken_cross,
          minmay_the_grid_square_5x5_inner_v,
          minmay_the_grid_square_5x5_fancy_junction,
          minmay_the_grid_square_5x5_one_wall,
          minmay_the_grid_square_5x5_prize_waves,
          minmay_the_grid_square_5x5_eight,
          minmay_the_grid_square_5x5_prize_pseudospiral,
          minmay_the_grid_square_5x5_minibox,
          minmay_the_grid_square_5x5_two_small, minmay_the_grid_square_5x5_n,
          minmay_the_grid_square_5x5_prize_monsterx,
          minmay_the_grid_square_5x5_six, minmay_the_grid_square_5x5_minivault,
          minmay_the_grid_square_5x5_inner_i,
          minmay_the_grid_square_5x5_prize_snowflake,
          minmay_the_grid_square_5x5_three_walls,
          minmay_the_grid_square_5x5_prize_deathbox,
          minmay_the_grid_square_5x5_trominoes,
          minmay_the_grid_square_5x5_sharp_hourglass,
          minmay_the_grid_square_5x5_doubleslash,
          minmay_the_grid_square_5x5_moneybag,
          minmay_the_grid_square_5x5_longway, minmay_the_grid_square_5x5_three],
          layout_cave_pools, hellmouth_1, abyss_entry,
          nicolae_hepliaklqana_monster_ancestors, minmay_shoptagon
Depths:4: evilmike_zot_entry_hall, layout_gridlike, enter_ziggurat_f,
          hell_entry, minmay_misc_feat_alley
Zot:1:    nicolae_zot_draconian_monastery, layout_misc_corridors
Zot:2:    cheibrodos_zot_enchanting_chambers, layout_gridlike, lemuel_elevator
Zot:3:    layout_misc_corridors, ebering_ghost_inner_flame
Zot:4:    layout_onion_interference, gammafunk_ghost_abyssal_escape,
          hangedman_swamp_dais
Zot:5:    layout_cathedral_of_symmetry, grunt_ministairs_9

Notes
Turn   | Place    | Note
-------+----------+-------------------------------------------
     0 | D:1      | MackTheKnife the Octopode Wanderer began the quest for the
                  | Orb.
     0 | D:1      | MackTheKnife set off with the following items: a +2 mace
                  | {mace}, a +0 short sword {short}, a wand of polymorph (3),
                  | a scroll of vulnerability {!r!r}.
     0 | D:1      | Reached XP level 1. HP: 16/16 MP: 1/1
     0 | D:1      | magus.rc [v1.9.6]
   190 | D:1      | Reached skill level 1 in Stealth
   228 | D:1      | Found a faded altar of an unknown god.
   247 | D:1      | Prayed at the altar of an unknown god.
   247 | D:1      | Became a worshipper of Cheibriados the Contemplative
   247 | D:1      | Reached * piety under Cheibriados
   275 | D:1      | Reached XP level 2. HP: 21/21 MP: 2/2
   441 | D:1      | Reached XP level 3. HP: 26/26 MP: 3/3
   443 | D:1      | You pick up a book of Vapours and begin reading...
   443 | D:1      | You add the spells Poisonous Vapours, Mephitic Cloud and
                  | Freezing Cloud to your library.
   594 | D:2      | Reached skill level 2 in Stealth
   658 | D:2      | You pick up a book of Frost and begin reading...
   658 | D:2      | You add the spells Freeze, Frozen Ramparts and Hailstorm to
                  | your library.
   667 | D:2      | You add the spells Teleport Other and Summon Forest to your
                  | library.
   667 | D:2      | Got the Octavo of the Ego
   880 | D:2      | Reached ** piety under Cheibriados
   961 | D:2      | Reached XP level 4. HP: 33/33 MP: 4/4
  1227 | D:2      | Learned a level 3 spell: Mephitic Cloud
  1523 | D:3      | Found an iron altar of Okawaru.
  1526 | D:3      | Found a stormy altar of Qazlal.
  1619 | D:3      | Reached *** piety under Cheibriados
  1856 | D:3      | Found a sacrificial altar of Ru.
  1921 | D:3      | You pick up a book of Conjurations {@e2} and begin
                  | reading...
  1921 | D:3      | You add the spells Magic Dart, Searing Ray and Fulminant
                  | Prism to your library.
  2244 | D:4      | Reached skill level 1 in Poison Magic
  2257 | D:4      | You pick up a book of Air and begin reading...
  2257 | D:4      | You add the spells Shock, Swiftness and Airstrike to your
                  | library.
  2293 | D:4      | HP: 7/33 [/a scroll of torment (4)]
  2293 | D:4      | HP: 2/33 [something (4)]
  2297 | D:4      | Reached skill level 1 in Conjurations
  2297 | D:4      | Reached skill level 1 in Air Magic
  2297 | D:4      | Reached XP level 5. HP: 26/37 MP: 4/6
  2299 | D:4      | Reached skill level 1 in Spellcasting
  2526 | D:4      | Found a burning altar of Makhleb.
  2554 | D:4      | Reached skill level 2 in Poison Magic
  2619 | D:4      | Noticed an Executioner
  2622 | D:4      | Noticed a smoke demon
  2622 | D:4      | Noticed an orange demon
  2691 | D:4      | Found a staircase to the Ecumenical Temple.
  2793 | D:5      | Entered Level 5 of the Dungeon
  2799 | D:4      | Learned a level 2 spell: Poisonous Vapours
  3070 | D:5      | Noticed an ogre
  3080 | D:5      | Killed an ogre
  3081 | D:5      | Reached skill level 4 in Poison Magic
  3081 | D:5      | Reached XP level 6. HP: 43/43 MP: 1/7
  3166 | D:5      | Found a glowing silver altar of Zin.
  3207 | D:5      | Reached skill level 2 in Conjurations
  3394 | D:5      | Found Ynamp's Jewellery Shop.
  3419 | D:5      | Reached skill level 3 in Conjurations
  3496 | D:5      | Reached XP level 7. HP: 43/47 MP: 1/8
  3500 | D:5      | Reached **** piety under Cheibriados
  3503 | D:5      | Reached skill level 4 in Conjurations
  3744 | D:5      | Identified a scroll of acquirement
  3747 | D:5      | Acquired the ring of Metsaitz {+Blink rElec rF+ rC+ Will+}
  3919 | D:5      | Reached skill level 2 in Spellcasting
  3921 | D:5      | Reached skill level 3 in Spellcasting
  4164 | D:5      | HP: 7/47 [acid (10)]
  4316 | D:5      | Learned a level 4 spell: Fulminant Prism
  4433 | D:5      | Reached skill level 1 in Hexes
  4433 | D:5      | Reached XP level 8. HP: 54/54 MP: 13/13
  4615 | D:6      | Reached skill level 2 in Hexes
  4652 | D:6      | Reached skill level 3 in Hexes
  4874 | D:6      | Reached skill level 4 in Hexes
  5249 | D:6      | Reached skill level 5 in Hexes
  5566 | D:6      | Reached skill level 5 in Conjurations
  6050 | D:7      | Reached skill level 4 in Spellcasting
  6052 | D:7      | Reached ***** piety under Cheibriados
  6053 | D:7      | You fall into a shaft and drop 3 floors!
  6053 | D:10     | Entered Level 10 of the Dungeon
  6077 | D:9      | Noticed a yak
  6101 | D:9      | Reached skill level 5 in Spellcasting
  6160 | D:9      | Reached skill level 4 in Fighting
  6160 | D:9      | Reached XP level 9. HP: 47/58 MP: 16/16
  6161 | D:9      | Reached skill level 1 in Dodging
  6162 | D:9      | Reached skill level 2 in Dodging
  6162 | D:9      | Noticed a kobold demonologist
  6165 | D:9      | Noticed a sun demon
  6199 | D:9      | Reached skill level 3 in Dodging
  6258 | D:7      | Reached skill level 4 in Dodging
  6337 | D:7      | You pick up a book of Necromancy and begin reading...
  6337 | D:7      | You add the spells Necrotise, Vampiric Draining and Agony
                  | to your library.
  6356 | D:7      | Reached skill level 5 in Dodging
  6548 | D:7      | Reached skill level 1 in Shields
  6554 | D:7      | Learned a level 5 spell: Freezing Cloud
  6771 | D:7      | Found a white marble altar of Elyvilon.
  6959 | D:7      | magus.rc [v1.9.6]
  6995 | D:8      | Reached skill level 2 in Shields
  7003 | D:8      | Reached skill level 3 in Shields
  7022 | D:8      | Reached skill level 4 in Shields
  7206 | D:8      | Reached skill level 5 in Shields
  7206 | D:8      | Reached XP level 10. HP: 58/63 MP: 15/17
  7220 | D:8      | Reached skill level 1 in Ice Magic
  7220 | D:8      | Reached skill level 2 in Air Magic
  7492 | D:8      | Reached skill level 2 in Ice Magic
  7522 | D:8      | Reached ****** piety under Cheibriados
  7587 | D:8      | Reached skill level 3 in Air Magic
  7973 | D:8      | Found an ancient bone altar of Kikubaaqudgha.
  8019 | D:8      | Found a radiant altar of Vehumet.
  8049 | D:8      | Found a shimmering blue altar of Sif Muna.
  8414 | D:9      | Reached skill level 3 in Ice Magic
  8419 | D:9      | Killed a kobold demonologist
  8420 | D:9      | Reached skill level 4 in Air Magic
  8563 | D:9      | Learned a level 3 spell: Teleport Other
  8572 | D:9      | Reached skill level 4 in Ice Magic
  8714 | D:9      | You pick up a book of Spatial Translocations and begin
                  | reading...
  8714 | D:9      | You add the spells Blink, Momentum Strike and Lesser
                  | Beckoning to your library.
  8718 | D:9      | Learned a level 2 spell: Blink
  8758 | D:9      | Noticed Erica
  8763 | D:9      | Killed Erica
  8764 | D:9      | Reached skill level 5 in Ice Magic
  8764 | D:9      | Reached skill level 5 in Air Magic
  8764 | D:9      | Reached skill level 2 in Translocations
  8773 | D:9      | Reached skill level 3 in Translocations
  9243 | D:10     | Reached skill level 4 in Translocations
  9243 | D:10     | Reached skill level 3 in Stealth
  9248 | D:10     | Reached skill level 4 in Stealth
  9403 | D:10     | Noticed a death yak
  9428 | D:10     | Noticed Fannar
  9470 | D:10     | Reached skill level 5 in Stealth
  9554 | D:10     | Noticed a gargoyle
  9606 | D:10     | Reached XP level 11. HP: 69/69 MP: 18/18
  9629 | D:10     | Found Qeclir's Demolitions Depot.
  9661 | D:10     | Noticed a death yak
  9662 | D:10     | Reached skill level 6 in Stealth
  9669 | D:10     | Noticed a death yak
  9669 | D:10     | Killed a death yak
  9670 | D:10     | Reached skill level 5 in Fighting
  9674 | D:10     | Killed a death yak
  9674 | D:10     | Killed a death yak
  9675 | D:10     | Reached skill level 6 in Fighting
  9803 | D:9      | Reached skill level 7 in Fighting
  9830 | D:10     | Noticed a death yak
  9994 | D:10     | Fannar changed into Fannar the sea snake
  9994 | D:10     | Noticed Fannar
  9999 | D:10     | Killed Fannar the sea snake
 10002 | D:10     | Killed a death yak
 10003 | D:10     | Reached skill level 6 in Spellcasting
 10230 | D:10     | Found a staircase to the Lair.
 10698 | D:10     | Bought a lightning rod (4/4) for 480 gold pieces
 10755 | D:10     | Learned a level 5 spell: Summon Forest
 10864 | D:10     | magus.rc [v1.9.6]
 10865 | Lair:1   | Entered Level 1 of the Lair of Beasts
 10872 | Lair:1   | Learned a level 4 spell: Airstrike
 10904 | Lair:1   | Reached skill level 1 in Summonings
 10912 | Lair:1   | Reached skill level 2 in Summonings
 10917 | Lair:1   | Reached skill level 3 in Summonings
 11041 | Lair:1   | Reached skill level 4 in Summonings
 11133 | Lair:1   | Reached skill level 5 in Summonings
 11264 | Lair:1   | Reached XP level 12. HP: 81/81 MP: 22/22
 11322 | Lair:1   | Reached skill level 6 in Summonings
 11322 | Lair:1   | Reached skill level 1 in Invocations
 11324 | Lair:1   | Reached skill level 3 in Evocations
 11326 | Lair:1   | Reached skill level 2 in Invocations
 11675 | Lair:1   | Reached skill level 3 in Invocations
 11890 | Lair:1   | Reached skill level 4 in Evocations
 11937 | Lair:1   | Reached skill level 4 in Invocations
 11939 | Lair:1   | Reached skill level 5 in Evocations
 12570 | Lair:2   | Reached skill level 5 in Invocations
 12644 | Lair:2   | Reached skill level 6 in Evocations
 12731 | Lair:2   | Noticed Urug
 12738 | Lair:2   | Killed Urug
 12739 | Lair:2   | Reached skill level 6 in Invocations
 12975 | Lair:2   | Noticed Amaemon
 12982 | Lair:2   | Reached skill level 6 in Dodging
 12982 | Lair:2   | Killed Amaemon
 12983 | Lair:2   | Reached skill level 8 in Fighting
 12983 | Lair:2   | Reached skill level 6 in Shields
 12986 | Lair:2   | Reached skill level 7 in Spellcasting
 13190 | Lair:2   | Noticed a death yak
 13191 | Lair:2   | Noticed a death yak
 13197 | Lair:2   | Killed a death yak
 13207 | Lair:2   | Killed a death yak
 13208 | Lair:2   | Reached skill level 8 in Spellcasting
 13208 | Lair:2   | Reached XP level 13. HP: 72/88 MP: 6/25
 13412 | D:10     | Bought a book of Storms for 312 gold pieces
 13412 | D:10     | You pick up a book of Storms and begin reading...
 13412 | D:10     | You add the spells Static Discharge and Summon Lightning
                  | Spire to your library.
 13519 | D:10     | Learned a level 4 spell: Summon Lightning Spire
 13785 | Lair:2   | Found a staircase to the Shoals.
 14176 | Lair:2   | Reached skill level 9 in Spellcasting
 15096 | Lair:3   | Reached skill level 10 in Spellcasting
 15239 | Lair:3   | Found a hole to the Spider Nest.
 15309 | Lair:3   | Reached skill level 6 in Conjurations
 15820 | Lair:3   | Acquired a book of Annihilations
 15821 | Lair:3   | You pick up a book of Annihilations and begin reading...
 15821 | Lair:3   | You add the spells Chain Lightning, Fire Storm and Shatter
                  | to your library.
 15856 | Lair:3   | You pick up a book of Iron and begin reading...
 15910 | Lair:3   | Reached skill level 7 in Invocations
 15910 | Lair:3   | Reached skill level 7 in Evocations
 16772 | Lair:4   | Reached skill level 8 in Invocations
 16772 | Lair:4   | Reached skill level 8 in Evocations
 16959 | Lair:4   | Found a staircase to the Slime Pits.
 17172 | Lair:4   | Found a blossoming altar of Fedhas.
 17833 | Lair:5   | Entered Level 5 of the Lair of Beasts
 17857 | Lair:5   | Reached XP level 14. HP: 95/95 MP: 28/28
 17858 | Lair:5   | Reached skill level 7 in Dodging
 17867 | Lair:5   | Reached skill level 9 in Fighting
 18047 | Lair:5   | Reached skill level 8 in Dodging
 18235 | Lair:5   | Reached skill level 10 in Fighting
 18249 | Lair:5   | Reached skill level 5 in Maces & Flails
 18388 | Lair:5   | Reached skill level 6 in Maces & Flails
 18513 | Lair:5   | Reached skill level 7 in Maces & Flails
 18606 | Lair:5   | Reached skill level 8 in Maces & Flails
 18716 | Lair:5   | Found a transporter.
 19114 | Lair:5   | Found a transporter.
 19118 | Lair:5   | Noticed Swamplord's ghost (journeyman DsSh)
 19120 | Lair:5   | Identified the ring of the Bursted God {Wiz Will+++ Int+2
                  | Dex+4 Slay+2}
 19219 | Lair:5   | Reached skill level 9 in Maces & Flails
 19896 | Lair:5   | Reached skill level 10 in Maces & Flails
 19965 | Lair:5   | Found a runed translucent door.
 20101 | Lair:5   | Reached XP level 15. HP: 72/103 MP: 26/29
 20292 | Lair:5   | Reached skill level 6 in Air Magic
 21074 | D:11     | Reached skill level 7 in Air Magic
 21767 | D:11     | Found a staircase to the Orcish Mines.
 21769 | D:11     | Found a runed translucent gate.
 21769 | D:11     | Found a runed translucent gate.
 21769 | D:11     | Found a runed translucent gate.
 21876 | D:11     | Reached skill level 8 in Air Magic
 21983 | D:11     | Found a runed translucent gate.
 21983 | D:11     | Found a runed translucent gate.
 21988 | D:11     | Found a runed translucent gate.
 21988 | D:11     | Noticed Vorhees's ghost (journeyman OpSh)
 22007 | Orc:1    | Entered Level 1 of the Orcish Mines
 22142 | Orc:2    | Entered Level 2 of the Orcish Mines
 22142 | Orc:2    | Noticed Sonja
 22147 | Orc:2    | Killed Sonja
 22246 | Orc:2    | Found Xogoup's Antique Armour Shop.
 22291 | Orc:2    | Reached skill level 7 in Conjurations
 22619 | Orc:2    | Found Umaiplag's Weapon Shoppe.
 23047 | Orc:2    | Found Uhull's Book Boutique.
 23051 | Orc:2    | Bought a book of Unlife for 504 gold pieces
 23051 | Orc:2    | You pick up a book of Unlife and begin reading...
 23051 | Orc:2    | You add the spells Animate Dead, Borgnjor's Vile Clutch and
                  | Death Channel to your library.
 23056 | Orc:2    | Learned a level 4 spell: Animate Dead
 23063 | Orc:2    | Learned a level 5 spell: Borgnjor's Vile Clutch
 23117 | Orc:2    | Reached skill level 1 in Necromancy
 23117 | Orc:2    | Reached skill level 1 in Earth Magic
 23160 | Orc:2    | Found Duaxzi Xemp's Magic Scroll Boutique.
 23162 | Orc:2    | Found Neyzxuff's Magic Scroll Shop.
 23298 | Orc:2    | Bought 2 scrolls of identify for 56 gold pieces
 23298 | Orc:2    | Bought a scroll of identify for 28 gold pieces
 23298 | Orc:2    | Bought a scroll of identify for 28 gold pieces
 23298 | Orc:2    | Bought a scroll of enchant weapon for 105 gold pieces
 23304 | Orc:2    | Bought a scroll of identify for 28 gold pieces
 23497 | Orc:2    | Reached skill level 8 in Conjurations
 23497 | Orc:2    | Reached skill level 2 in Necromancy
 23497 | Orc:2    | Reached skill level 2 in Earth Magic
 23629 | Orc:2    | Found Yhaip's Antique Weapon Shop.
 23675 | Orc:2    | Found a staircase to the Elven Halls.
 23871 | Orc:2    | Reached skill level 3 in Necromancy
 23871 | Orc:2    | Reached skill level 3 in Earth Magic
 23934 | Orc:2    | Reached skill level 4 in Necromancy
 23939 | Orc:2    | Reached skill level 4 in Earth Magic
 24061 | Orc:2    | Paralysed by an orc sorcerer for 4 turns
 24121 | Orc:2    | Found Fyseffiz's Jewellery Emporium.
 24121 | Orc:2    | Found Deifoats's Antique Armour Shoppe.
 24122 | Orc:2    | Found a one-way gate leading to the halls of Pandemonium.
 24130 | Orc:2    | Bought the ring of Koamp {rC+ Int+4 Dex+6} for 848 gold
                  | pieces
 24418 | Orc:2    | Bought a scroll of enchant weapon for 112 gold pieces
 24766 | D:12     | Reached skill level 9 in Dodging
 25007 | D:12     | Found the +8 demon trident "Rift" {distort, reach+}
 25569 | D:13     | Reached skill level 10 in Dodging
 25569 | D:13     | Reached XP level 16. HP: 109/109 MP: 30/30
 25614 | D:13     | Reached skill level 1 in Polearms
 25771 | D:13     | Reached skill level 2 in Polearms
 25924 | D:13     | Reached skill level 3 in Polearms
 26310 | D:13     | Reached skill level 4 in Polearms
 26321 | D:13     | Aim: a centaur warrior, wielding a +0 orcbow (lightly
                  | wounded, about 18% to evade the +8 demon trident "Rift")
 26321 | D:13     | Aim: a centaur warrior, wielding a +0 orcbow (lightly
                  | wounded, about 18% to evade the +8 demon trident "Rift")
 26323 | D:13     | Reached skill level 5 in Polearms
 26453 | D:13     | Found a gate to the Vaults.
 27118 | D:14     | Reached skill level 6 in Polearms
 28193 | D:15     | Entered Level 15 of the Dungeon
 28243 | D:15     | Found a gate leading to a gauntlet.
 28249 | D:15     | Reached skill level 7 in Polearms
 28256 | D:15     | Reached skill level 8 in Polearms
 28264 | Gauntlet | Entered a Gauntlet
 28264 | Gauntlet | Found a transporter.
 28412 | Gauntlet | Found a transporter.
 28425 | Gauntlet | Found a transporter.
 28437 | Gauntlet | Found a transporter.
 28441 | Gauntlet | Found a large runed translucent door.
 28441 | Gauntlet | Found a large runed translucent door.
 28442 | Gauntlet | Found a large runed translucent door.
 28442 | Gauntlet | Found a large runed translucent door.
 28443 | Gauntlet | Found a runed translucent door.
 28444 | Gauntlet | Found a transporter.
 28445 | Gauntlet | Found a runed translucent door.
 28446 | Gauntlet | Found a large runed translucent door.
 28446 | Gauntlet | Found a large runed translucent door.
 28446 | Gauntlet | Found a large runed translucent door.
 28446 | Gauntlet | Found a large runed translucent door.
 28447 | Gauntlet | Found a large runed translucent door.
 28448 | Gauntlet | Found a large runed translucent door.
 28454 | Gauntlet | Found a large runed translucent door.
 28454 | Gauntlet | Found a large runed translucent door.
 28455 | Gauntlet | Found a large runed translucent door.
 28455 | Gauntlet | Found a large runed translucent door.
 28455 | Gauntlet | Found a large runed translucent door.
 28457 | Gauntlet | Found a runed translucent gate.
 28457 | Gauntlet | Found a runed translucent gate.
 28457 | Gauntlet | Found a runed translucent gate.
 28459 | Gauntlet | Found a transporter.
 28459 | Gauntlet | Found the amulet of the Air {Inacc Air Fly rElec RMsl}
 28470 | Gauntlet | Found a large runed translucent door.
 28475 | Gauntlet | Found a transporter.
 28490 | Gauntlet | Found a transporter.
 28495 | Gauntlet | Found a transporter.
 28512 | Gauntlet | Found a transporter.
 28515 | Gauntlet | Identified the +5 ring mail of Keqav {+Inv rPois}
 28518 | Gauntlet | Found a transporter.
 28529 | Gauntlet | Found the +7 Spriggan's Knife {stab, EV+4 Stlth+}
 28537 | Gauntlet | Found a transporter.
 28542 | Gauntlet | Found a transporter.
 28544 | Gauntlet | Found a transporter.
 28561 | Gauntlet | Found a transporter.
 28572 | Gauntlet | Found a transporter.
 28616 | Gauntlet | Found a transporter.
 28616 | Gauntlet | Found the +10 pair of quick blades "Gyre" and "Gimble"
                  | {protect}
 28654 | Gauntlet | Found a transporter.
 28673 | Gauntlet | You add the spells Foxfire and Stone Arrow to your library.
 28673 | Gauntlet | Got Vehumet's Textbook on Wounds and Geology
 28804 | Gauntlet | Identified the +7 war axe "Ufiukk" {venom, Str+2}
 28804 | Gauntlet | Identified the ring "Visaveg" {rC+ rN+ AC+4 Str+2 Dex+3}
 29009 | D:15     | Aim: a death knight, wielding a +1 glaive and wearing a +0
                  | chain mail (about 29% to evade the +8 demon trident "Rift")
 29009 | D:15     | Aim: a death knight, wielding a +1 glaive and wearing a +0
                  | chain mail (about 29% to evade the +8 demon trident "Rift")
 29016 | D:15     | Reached skill level 9 in Polearms
 29363 | D:15     | Found a shadowy altar of Dithmenos.
 29674 | D:15     | Found a staircase to the Depths.
 29932 | Lair:1   | magus.rc [v1.9.6]
 29983 | Spider:1 | Entered Level 1 of the Spider Nest
 29998 | Spider:1 | Reached skill level 7 in Shields
 30146 | Spider:1 | Noticed Azrael
 30151 | Spider:1 | Killed Azrael
 30589 | Spider:1 | Reached skill level 10 in Polearms
 30708 | Spider:1 | Reached skill level 8 in Shields
 30712 | Spider:1 | Reached XP level 17. HP: 115/115 MP: 28/31
 30989 | Spider:1 | Identified the +6 short sword "Iboelace" {freeze, +Blink
                  | Will+}
 31044 | Spider:1 | Reached skill level 11 in Polearms
 31181 | Spider:1 | You pick up a book of Necromancy and begin reading...
 31659 | Spider:2 | Reached skill level 12 in Polearms
 32439 | Spider:2 | Reached skill level 13 in Polearms
 32550 | Spider:2 | Noticed Mlioglotl
 32566 | Spider:2 | Killed Mlioglotl
 32670 | Spider:3 | Noticed Bai Suzhen
 32684 | Spider:2 | HP: 27/115 [Bai Suzhen] (15)]
 32687 | Spider:2 | Killed Bai Suzhen
 33192 | Spider:3 | Reached skill level 14 in Polearms
 33232 | Spider:3 | Reached skill level 9 in Shields
 33661 | Spider:3 | Reached skill level 10 in Shields
 33701 | Spider:3 | Reached XP level 18. HP: 122/122 MP: 32/32
 33999 | Spider:3 | Reached skill level 11 in Fighting
 34608 | Spider:4 | Entered Level 4 of the Spider Nest
 34638 | Spider:4 | magus.rc [v1.9.6]
 34929 | Spider:4 | Reached skill level 12 in Fighting
 35828 | Spider:4 | Found a runed translucent door.
 35834 | Spider:4 | Noticed DocSulfur's ghost (adept FoBe)
 35844 | Spider:4 | Identified the ring "Quahu" {rF- rCorr Str+3 Int+2}
 35858 | Spider:4 | Banished DocSulfur's ghost
 35998 | Spider:4 | Reached skill level 13 in Fighting
 37287 | Spider:4 | Identified a potion of experience
 37292 | Spider:4 | Reached skill level 14 in Fighting
 37292 | Spider:4 | Reached XP level 19. HP: 137/137 MP: 33/33
 37300 | Spider:4 | Identified the scarf of the Watermelon {repulsion, rC+
                  | Will+ SInv}
 37314 | Spider:4 | Paralysed by a hornet for 1 turns
 37320 | Spider:4 | Got a gossamer rune of Zot
 37643 | Shoals:1 | Entered Level 1 of the Shoals
 37710 | Shoals:1 | magus.rc [v1.9.6]
 37851 | Shoals:1 | Reached skill level 15 in Fighting
 37856 | Shoals:1 | Noticed Kirke
 37866 | Shoals:1 | Killed Kirke
 38352 | Shoals:1 | Found Lyet Buwk's Book Boutique.
 38828 | Shoals:2 | Reached skill level 11 in Spellcasting
 38828 | Shoals:2 | Aim: a merfolk, wielding a +0 trident (freezing vapour,
                  | almost dead, about 32% to evade the +8 demon trident
                  | "Rift")
 38828 | Shoals:2 | Aim: a merfolk, wielding a +0 trident (freezing vapour,
                  | almost dead, about 32% to evade the +8 demon trident
                  | "Rift")
 38834 | Shoals:2 | Aim: a merfolk aquamancer, wielding a +2 rapier of flaming
                  | and wearing a +0 robe (freezing vapour, heavily wounded,
                  | ally target, about 32% to evade the +8 demon trident
                  | "Rift")
 38834 | Shoals:2 | Aim: a merfolk aquamancer, wielding a +2 rapier of flaming
                  | and wearing a +0 robe (freezing vapour, heavily wounded,
                  | ally target, about 32% to evade the +8 demon trident
                  | "Rift")
 38845 | Shoals:2 | Noticed Polyphemus
 38853 | Shoals:2 | Killed Polyphemus
 38878 | Shoals:2 | Your ally Polyphemus died
 38886 | Shoals:2 | Reached XP level 20. HP: 125/145 MP: 5/35
 39189 | Shoals:2 | Reached skill level 12 in Spellcasting
 40134 | Orc:2    | Bought a scroll of blinking for 112 gold pieces
 40301 | Shoals:3 | Noticed Ilsuiw
 40307 | Shoals:3 | Aim: a merfolk siren, wielding a +0 spear (moderately
                  | wounded, constricted by zombie hands, ally target, about
                  | 15% to evade the +8 demon trident "Rift")
 40307 | Shoals:3 | Aim: a merfolk siren, wielding a +0 spear (moderately
                  | wounded, constricted by zombie hands, ally target, about
                  | 15% to evade the +8 demon trident "Rift")
 40307 | Shoals:3 | Aim: a merfolk siren, wielding a +0 trident (moderately
                  | wounded, ally target, about 32% to evade the +8 demon
                  | trident "Rift")
 40307 | Shoals:3 | Aim: a merfolk siren, wielding a +0 spear (moderately
                  | wounded, constricted by zombie hands, ally target, about
                  | 15% to evade the +8 demon trident "Rift")
 40308 | Shoals:3 | Aim: a merfolk siren, wielding a +0 spear (almost dead,
                  | constricted by zombie hands, ally target, about 15% to
                  | evade the +8 demon trident "Rift")
 40308 | Shoals:3 | Aim: a merfolk siren, wielding a +0 spear (almost dead,
                  | constricted by zombie hands, ally target, about 15% to
                  | evade the +8 demon trident "Rift")
 40309 | Shoals:3 | Aim: a merfolk siren, wielding a +0 trident (severely
                  | wounded, not watching you, ally target, about 32% to evade
                  | the +8 demon trident "Rift")
 40309 | Shoals:3 | Aim: a merfolk siren, wielding a +0 trident (severely
                  | wounded, not watching you, ally target, about 32% to evade
                  | the +8 demon trident "Rift")
 40311 | Shoals:3 | Aim: a merfolk impaler, wielding a +6 vampiric trident and
                  | wearing a +0 leather armour (moderately wounded, ally
                  | target, about 42% to evade the +8 demon trident "Rift")
 40311 | Shoals:3 | Aim: a merfolk impaler, wielding a +6 vampiric trident and
                  | wearing a +0 leather armour (moderately wounded, ally
                  | target, about 42% to evade the +8 demon trident "Rift")
 40312 | Shoals:3 | Aim: a merfolk impaler, wielding a +6 vampiric trident and
                  | wearing a +0 leather armour (moderately wounded, ally
                  | target, about 42% to evade the +8 demon trident "Rift")
 40312 | Shoals:3 | Aim: a merfolk impaler, wielding a +6 vampiric trident and
                  | wearing a +0 leather armour (moderately wounded, ally
                  | target, about 42% to evade the +8 demon trident "Rift")
 40313 | Shoals:3 | Aim: a merfolk impaler, wielding a +6 vampiric trident and
                  | wearing a +0 leather armour (heavily wounded, ally target,
                  | about 42% to evade the +8 demon trident "Rift")
 40313 | Shoals:3 | Aim: a merfolk impaler, wielding a +6 vampiric trident and
                  | wearing a +0 leather armour (heavily wounded, ally target,
                  | about 42% to evade the +8 demon trident "Rift")
 40314 | Shoals:3 | Aim: a merfolk impaler, wielding a +6 vampiric trident and
                  | wearing a +0 leather armour (severely wounded, ally target,
                  | about 42% to evade the +8 demon trident "Rift")
 40314 | Shoals:3 | Aim: a merfolk impaler, wielding a +6 vampiric trident and
                  | wearing a +0 leather armour (severely wounded, ally target,
                  | about 42% to evade the +8 demon trident "Rift")
 40315 | Shoals:3 | Aim: a merfolk impaler, wielding a +6 vampiric trident and
                  | wearing a +0 leather armour (severely wounded, ally target,
                  | about 42% to evade the +8 demon trident "Rift")
 40315 | Shoals:3 | Aim: a merfolk impaler, wielding a +6 vampiric trident and
                  | wearing a +0 leather armour (severely wounded, ally target,
                  | about 42% to evade the +8 demon trident "Rift")
 40316 | Shoals:3 | Aim: a merfolk impaler, wielding a +6 vampiric trident and
                  | wearing a +0 leather armour (almost dead, ally target,
                  | about 42% to evade the +8 demon trident "Rift")
 40316 | Shoals:3 | Aim: a merfolk impaler, wielding a +6 vampiric trident and
                  | wearing a +0 leather armour (almost dead, ally target,
                  | about 42% to evade the +8 demon trident "Rift")
 40317 | Shoals:3 | Aim: a merfolk impaler, wielding a +6 vampiric trident and
                  | wearing a +0 leather armour (almost dead, ally target,
                  | about 42% to evade the +8 demon trident "Rift")
 40317 | Shoals:3 | Aim: a merfolk impaler, wielding a +6 vampiric trident and
                  | wearing a +0 leather armour (almost dead, ally target,
                  | about 42% to evade the +8 demon trident "Rift")
 40333 | Shoals:3 | Killed Ilsuiw
 40469 | Shoals:3 | Reached skill level 11 in Dodging
 41510 | Shoals:4 | Entered Level 4 of the Shoals
 41518 | Shoals:4 | Aim: a merfolk, wielding a +0 trident and quivering
                  | boomerangs (severely wounded, not watching you, ally
                  | target, about 31% to evade the +8 demon trident "Rift")
 41518 | Shoals:4 | Aim: a merfolk, wielding a +0 trident and quivering
                  | boomerangs (severely wounded, not watching you, ally
                  | target, about 31% to evade the +8 demon trident "Rift")
 41525 | Shoals:4 | Reached skill level 12 in Dodging
 42008 | Shoals:4 | Found a glowing golden altar of the Shining One.
 42027 | Shoals:4 | Aim: a cherub, wielding a +0 longbow and wearing a +0 robe
                  | (freezing vapour, almost dead, strong, constricted by
                  | zombie hands, ally target, haloed, about 18% to evade the
                  | +8 demon trident "Rift")
 42027 | Shoals:4 | Aim: a cherub, wielding a +0 longbow and wearing a +0 robe
                  | (freezing vapour, almost dead, strong, constricted by
                  | zombie hands, ally target, haloed, about 18% to evade the
                  | +8 demon trident "Rift")
 42028 | Shoals:4 | Aim: a merfolk impaler, wielding a +2 trident of freezing
                  | and wearing a +0 robe (freezing vapour, moderately wounded,
                  | haloed, about 32% to evade the +8 demon trident "Rift")
 42028 | Shoals:4 | Aim: a merfolk impaler, wielding a +2 trident of freezing
                  | and wearing a +0 robe (freezing vapour, moderately wounded,
                  | haloed, about 32% to evade the +8 demon trident "Rift")
 42029 | Shoals:4 | Aim: a merfolk impaler, wielding a +2 trident of freezing
                  | and wearing a +0 robe (freezing vapour, heavily wounded,
                  | ally target, haloed, about 32% to evade the +8 demon
                  | trident "Rift")
 42029 | Shoals:4 | Aim: a merfolk impaler, wielding a +2 trident of freezing
                  | and wearing a +0 robe (freezing vapour, heavily wounded,
                  | ally target, haloed, about 32% to evade the +8 demon
                  | trident "Rift")
 42030 | Shoals:4 | Aim: a merfolk impaler, wielding a +2 trident of freezing
                  | and wearing a +0 robe (almost dead, ally target, haloed,
                  | about 32% to evade the +8 demon trident "Rift")
 42030 | Shoals:4 | Aim: a merfolk impaler, wielding a +2 trident of freezing
                  | and wearing a +0 robe (almost dead, ally target, haloed,
                  | about 32% to evade the +8 demon trident "Rift")
 42034 | Shoals:4 | Aim: a merfolk, wielding a +0 trident and quivering
                  | boomerangs (freezing vapour, ally target, haloed, about 23%
                  | to evade the +8 demon trident "Rift")
 42034 | Shoals:4 | Aim: a merfolk, wielding a +0 trident and quivering
                  | boomerangs (freezing vapour, ally target, haloed, about 23%
                  | to evade the +8 demon trident "Rift")
 42035 | Shoals:4 | Aim: a merfolk, wielding a +0 trident and quivering
                  | boomerangs (freezing vapour, almost dead, ally target,
                  | haloed, about 23% to evade the +8 demon trident "Rift")
 42035 | Shoals:4 | Aim: a merfolk, wielding a +0 trident and quivering
                  | boomerangs (freezing vapour, almost dead, ally target,
                  | haloed, about 23% to evade the +8 demon trident "Rift")
 42038 | Shoals:4 | Aim: a cherub, wielding a +1 long sword of flaming, wearing
                  | a +0 robe and wearing a +0 buckler (almost dead, ally
                  | target, haloed, about 44% to evade the +8 demon trident
                  | "Rift")
 42038 | Shoals:4 | Aim: a cherub, wielding a +1 long sword of flaming, wearing
                  | a +0 robe and wearing a +0 buckler (almost dead, ally
                  | target, haloed, about 44% to evade the +8 demon trident
                  | "Rift")
 42039 | Shoals:4 | Aim: a cherub, wielding a +0 sling, wearing a +0 robe and
                  | wearing a +0 buckler (almost dead, not watching you, ally
                  | target, haloed, about 44% to evade the +8 demon trident
                  | "Rift")
 42039 | Shoals:4 | Aim: a cherub, wielding a +0 sling, wearing a +0 robe and
                  | wearing a +0 buckler (almost dead, not watching you, ally
                  | target, haloed, about 44% to evade the +8 demon trident
                  | "Rift")
 42170 | Shoals:4 | Found a glowing silver altar of Zin.
 42184 | Shoals:4 | Aim: a merfolk javelineer, wielding a +1 spear of venom,
                  | wearing a +0 leather armour and quivering javelins (lightly
                  | wounded, about 31% to evade the +8 demon trident "Rift")
 42184 | Shoals:4 | Aim: a merfolk javelineer, wielding a +1 spear of venom,
                  | wearing a +0 leather armour and quivering javelins (lightly
                  | wounded, about 31% to evade the +8 demon trident "Rift")
 42185 | Shoals:4 | Reached skill level 9 in Conjurations
 42185 | Shoals:4 | Reached skill level 9 in Air Magic
 42194 | Shoals:4 | Aim: a merfolk impaler, wielding a +1 trident of flaming
                  | and wearing a +0 robe (freezing vapour, almost dead, about
                  | 40% to evade the +8 demon trident "Rift")
 42206 | Shoals:4 | Aim: a merfolk, wielding a +0 trident (about 30% to evade
                  | the +8 demon trident "Rift")
 42206 | Shoals:4 | Aim: a merfolk, wielding a +0 trident (about 30% to evade
                  | the +8 demon trident "Rift")
 42207 | Shoals:4 | Aim: a merfolk, wielding a +0 trident (about 30% to evade
                  | the +8 demon trident "Rift")
 42207 | Shoals:4 | Aim: a merfolk, wielding a +0 trident (about 30% to evade
                  | the +8 demon trident "Rift")
 42208 | Shoals:4 | Aim: a merfolk, wielding a +0 trident (about 30% to evade
                  | the +8 demon trident "Rift")
 42208 | Shoals:4 | Aim: a merfolk, wielding a +0 trident (about 30% to evade
                  | the +8 demon trident "Rift")
 42209 | Shoals:4 | Aim: a merfolk, wielding a +0 trident (heavily wounded,
                  | about 30% to evade the +8 demon trident "Rift")
 42209 | Shoals:4 | Aim: a merfolk, wielding a +0 trident (heavily wounded,
                  | about 30% to evade the +8 demon trident "Rift")
 42210 | Shoals:4 | Aim: a merfolk, wielding a +0 trident (severely wounded,
                  | about 30% to evade the +8 demon trident "Rift")
 42210 | Shoals:4 | Aim: a merfolk, wielding a +0 trident (severely wounded,
                  | about 30% to evade the +8 demon trident "Rift")
 42211 | Shoals:4 | Aim: a merfolk impaler, wielding a +1 trident of flaming
                  | and wearing a +0 robe (almost dead, about 40% to evade the
                  | +8 demon trident "Rift")
 42211 | Shoals:4 | Aim: a merfolk impaler, wielding a +1 trident of flaming
                  | and wearing a +0 robe (almost dead, about 40% to evade the
                  | +8 demon trident "Rift")
 42212 | Shoals:4 | Aim: a merfolk impaler, wielding a +1 trident of flaming
                  | and wearing a +0 robe (almost dead, about 40% to evade the
                  | +8 demon trident "Rift")
 42212 | Shoals:4 | Aim: a merfolk impaler, wielding a +1 trident of flaming
                  | and wearing a +0 robe (almost dead, about 40% to evade the
                  | +8 demon trident "Rift")
 42213 | Shoals:4 | Aim: a merfolk impaler, wielding a +1 trident of flaming
                  | and wearing a +0 robe (almost dead, about 40% to evade the
                  | +8 demon trident "Rift")
 42213 | Shoals:4 | Aim: a merfolk impaler, wielding a +1 trident of flaming
                  | and wearing a +0 robe (almost dead, about 40% to evade the
                  | +8 demon trident "Rift")
 42283 | Shoals:4 | Got the Exposition on the Doomed Sky
 42287 | Shoals:4 | Identified the +6 great mace of the Manifold Quests {vamp,
                  | MP+9 SInv}
 42733 | Shoals:4 | Found a white marble altar of Elyvilon.
 42759 | Shoals:4 | You add the spells Ignite Poison, Sticky Flame and Ignition
                  | to your library.
 42846 | Shoals:4 | Got a barnacled rune of Zot
 43228 | Vaults:1 | Entered Level 1 of the Vaults
 43273 | Vaults:1 | Reached skill level 10 in Conjurations
 43273 | Vaults:1 | Reached skill level 10 in Air Magic
 43354 | Vaults:1 | Found Rirchic's Jewellery Shoppe.
 43557 | Vaults:1 | You pick up a book of Geomancy and begin reading...
 43557 | Vaults:1 | You add the spells Sandblast and Passwall to your library.
 43714 | Vaults:1 | You pick up a book of Death and begin reading...
 43714 | Vaults:1 | You add the spells Haunt and Infestation to your library.
 43760 | Vaults:1 | magus.rc [v1.9.6]
 43765 | Vaults:1 | Reached skill level 13 in Spellcasting
 43780 | Vaults:1 | Aim: an orc warlord, wielding a +0 battleaxe and wearing a
                  | +0 chain mail (moderately wounded, about 24% to evade the
                  | +8 demon trident "Rift")
 43780 | Vaults:1 | Aim: an orc warlord, wielding a +0 battleaxe and wearing a
                  | +0 chain mail (moderately wounded, about 24% to evade the
                  | +8 demon trident "Rift")
 43781 | Vaults:1 | Aim: an orc warlord, wielding a +0 battleaxe and wearing a
                  | +0 chain mail (almost dead, constricted by you, about 13%
                  | to evade the +8 demon trident "Rift")
 43781 | Vaults:1 | Aim: an orc warlord, wielding a +0 battleaxe and wearing a
                  | +0 chain mail (almost dead, constricted by you, about 13%
                  | to evade the +8 demon trident "Rift")
 43782 | Vaults:1 | Aim: an orc warlord, wielding a +0 battleaxe and wearing a
                  | +0 chain mail (almost dead, constricted by you, about 13%
                  | to evade the +8 demon trident "Rift")
 43782 | Vaults:1 | Aim: an orc warlord, wielding a +0 battleaxe and wearing a
                  | +0 chain mail (almost dead, constricted by you, about 13%
                  | to evade the +8 demon trident "Rift")
 43783 | Vaults:1 | Reached XP level 21. HP: 151/151 MP: 28/38
 43928 | Vaults:1 | You pick up a book of Hexes and begin reading...
 43928 | Vaults:1 | You add the spells Anguish, Cause Fear and Enfeeble to your
                  | library.
 43937 | Vaults:1 | Learned a level 7 spell: Haunt
 43950 | Vaults:1 | You add the spells Gell's Gravitas and Dispersal to your
                  | library.
 45080 | Vaults:2 | Reached skill level 5 in Necromancy
 45239 | Vaults:2 | Reached skill level 7 in Summonings
 45327 | Vaults:2 | Aim: a vault guard, wielding a +0 battleaxe and wearing a
                  | +0 chain mail (lightly wounded, ally target, about 29% to
                  | evade the +8 demon trident "Rift")
 45327 | Vaults:2 | Aim: a vault guard, wielding a +0 battleaxe and wearing a
                  | +0 chain mail (lightly wounded, ally target, about 29% to
                  | evade the +8 demon trident "Rift")
 45328 | Vaults:2 | Aim: a vault guard, wielding a +0 battleaxe and wearing a
                  | +0 chain mail (moderately wounded, constricted by you, ally
                  | target, about 14% to evade the +8 demon trident "Rift")
 45328 | Vaults:2 | Aim: a vault guard, wielding a +0 battleaxe and wearing a
                  | +0 chain mail (moderately wounded, constricted by you, ally
                  | target, about 14% to evade the +8 demon trident "Rift")
 45329 | Vaults:2 | Aim: a vault guard, wielding a +0 battleaxe and wearing a
                  | +0 chain mail (moderately wounded, constricted by you, ally
                  | target, about 14% to evade the +8 demon trident "Rift")
 45329 | Vaults:2 | Aim: a vault guard, wielding a +0 battleaxe and wearing a
                  | +0 chain mail (moderately wounded, constricted by you, ally
                  | target, about 14% to evade the +8 demon trident "Rift")
 45329 | Vaults:2 | Aim: a vault guard, wielding a +0 war axe, wearing a +0
                  | plate armour and wearing a +0 tower shield (severely
                  | wounded, about 24% to evade the +8 demon trident "Rift")
 45330 | Vaults:2 | Aim: a vault guard, wielding a +0 war axe, wearing a +0
                  | plate armour and wearing a +0 tower shield (severely
                  | wounded, about 24% to evade the +8 demon trident "Rift")
 45330 | Vaults:2 | Aim: a vault guard, wielding a +0 war axe, wearing a +0
                  | plate armour and wearing a +0 tower shield (severely
                  | wounded, about 24% to evade the +8 demon trident "Rift")
 45330 | Vaults:2 | Aim: a vault guard, wielding a +2 war axe, wearing a +0
                  | plate armour and wearing a +0 tower shield (heavily
                  | wounded, strong, about 24% to evade the +8 demon trident
                  | "Rift")
 45331 | Vaults:2 | Aim: a vault guard, wielding a +2 war axe, wearing a +0
                  | plate armour and wearing a +0 tower shield (heavily
                  | wounded, strong, about 24% to evade the +8 demon trident
                  | "Rift")
 45331 | Vaults:2 | Aim: a vault guard, wielding a +2 war axe, wearing a +0
                  | plate armour and wearing a +0 tower shield (heavily
                  | wounded, strong, about 24% to evade the +8 demon trident
                  | "Rift")
 45332 | Vaults:2 | Aim: a vault guard, wielding a +0 battleaxe and wearing a
                  | +0 chain mail (almost dead, constricted by you, not
                  | watching you, ally target, about 14% to evade the +8 demon
                  | trident "Rift")
 45332 | Vaults:2 | Aim: a vault guard, wielding a +0 battleaxe and wearing a
                  | +0 chain mail (almost dead, constricted by you, not
                  | watching you, ally target, about 14% to evade the +8 demon
                  | trident "Rift")
 45332 | Vaults:2 | Aim: a vault guard, wielding a +0 war axe, wearing a +0
                  | plate armour and wearing a +0 tower shield (severely
                  | wounded, strong, about 24% to evade the +8 demon trident
                  | "Rift")
 45332 | Vaults:2 | Aim: an ironbound convoker, wielding a +0 morningstar and
                  | wearing a +0 ring mail (freezing vapour, severely wounded,
                  | about 26% to evade the +8 demon trident "Rift")
 45332 | Vaults:2 | Aim: an ironbound convoker, wielding a +0 morningstar and
                  | wearing a +0 ring mail (freezing vapour, severely wounded,
                  | about 26% to evade the +8 demon trident "Rift")
 45332 | Vaults:2 | Aim: a vault guard, wielding a +0 war axe, wearing a +0
                  | plate armour and wearing a +0 tower shield (severely
                  | wounded, strong, about 24% to evade the +8 demon trident
                  | "Rift")
 45333 | Vaults:2 | Aim: a vault guard, wielding a +0 battleaxe and wearing a
                  | +0 chain mail (almost dead, constricted by you, not
                  | watching you, ally target, about 14% to evade the +8 demon
                  | trident "Rift")
 45333 | Vaults:2 | Aim: a vault guard, wielding a +0 battleaxe and wearing a
                  | +0 chain mail (almost dead, constricted by you, not
                  | watching you, ally target, about 14% to evade the +8 demon
                  | trident "Rift")
 45333 | Vaults:2 | Aim: an ironbound convoker, wielding a +0 morningstar and
                  | wearing a +0 ring mail (translocational energy, almost
                  | dead, about 26% to evade the +8 demon trident "Rift")
 45334 | Vaults:2 | Aim: an ironbound convoker, wielding a +0 morningstar and
                  | wearing a +0 ring mail (translocational energy, almost
                  | dead, ally target, about 26% to evade the +8 demon trident
                  | "Rift")
 45334 | Vaults:2 | Aim: an ironbound convoker, wielding a +0 morningstar and
                  | wearing a +0 ring mail (translocational energy, almost
                  | dead, ally target, about 26% to evade the +8 demon trident
                  | "Rift")
 45335 | Vaults:2 | Aim: a vault warden, wielding a +3 war axe, wearing a +0
                  | plate armour and wearing a +0 tower shield (almost dead,
                  | ally target, about 24% to evade the +8 demon trident
                  | "Rift")
 45335 | Vaults:2 | Aim: a vault warden, wielding a +3 war axe, wearing a +0
                  | plate armour and wearing a +0 tower shield (almost dead,
                  | ally target, about 24% to evade the +8 demon trident
                  | "Rift")
 45336 | Vaults:2 | Aim: a vault warden, wielding a +3 war axe, wearing a +0
                  | plate armour and wearing a +0 tower shield (almost dead,
                  | ally target, about 24% to evade the +8 demon trident
                  | "Rift")
 45336 | Vaults:2 | Aim: a vault warden, wielding a +3 war axe, wearing a +0
                  | plate armour and wearing a +0 tower shield (almost dead,
                  | ally target, about 24% to evade the +8 demon trident
                  | "Rift")
 45624 | Vaults:2 | Reached skill level 6 in Necromancy
 45754 | Vaults:2 | Reached skill level 8 in Summonings
 45774 | Vaults:2 | Reached skill level 7 in Necromancy
 45781 | Vaults:2 | You pick up a book of Dangerous Friends and begin
                  | reading...
 45781 | Vaults:2 | You add the spells Summon Guardian Golem, Orb of
                  | Destruction and Spellforged Servitor to your library.
 45790 | Vaults:2 | Learned a level 7 spell: Spellforged Servitor
 45880 | Vaults:2 | Found a staircase to the Crypt.
 46498 | Elf:1    | Entered Level 1 of the Elven Halls
 46611 | Elf:1    | Reached skill level 8 in Necromancy
 46618 | Elf:1    | Aim: a deep elf pyromancer, wielding a +0 hand axe and
                  | wearing a +0 scale mail (about 30% to evade the +8 demon
                  | trident "Rift")
 46618 | Elf:1    | Aim: a deep elf pyromancer, wielding a +0 hand axe and
                  | wearing a +0 scale mail (about 30% to evade the +8 demon
                  | trident "Rift")
 46650 | Elf:1    | Aim: a deep elf pyromancer, wielding a +0 dagger and
                  | wearing a +0 leather armour (severely wounded, not watching
                  | you, ally target, about 32% to evade the +8 demon trident
                  | "Rift")
 46650 | Elf:1    | Aim: a deep elf pyromancer, wielding a +0 dagger and
                  | wearing a +0 leather armour (severely wounded, not watching
                  | you, ally target, about 32% to evade the +8 demon trident
                  | "Rift")
 46651 | Elf:1    | Aim: a deep elf pyromancer, wielding a +0 dagger and
                  | wearing a +0 leather armour (severely wounded, ally target,
                  | about 32% to evade the +8 demon trident "Rift")
 46651 | Elf:1    | Aim: a deep elf pyromancer, wielding a +0 dagger and
                  | wearing a +0 leather armour (severely wounded, ally target,
                  | about 32% to evade the +8 demon trident "Rift")
 46652 | Elf:1    | Aim: a deep elf pyromancer, wielding a +0 dagger and
                  | wearing a +0 leather armour (severely wounded, ally target,
                  | about 32% to evade the +8 demon trident "Rift")
 46652 | Elf:1    | Aim: a deep elf pyromancer, wielding a +0 dagger and
                  | wearing a +0 leather armour (severely wounded, ally target,
                  | about 32% to evade the +8 demon trident "Rift")
 46653 | Elf:1    | Reached skill level 9 in Summonings
 46895 | Elf:1    | Got the Guide on Percussion
 47285 | Elf:1    | You pick up a book of the Hunter and begin reading...
 47285 | Elf:1    | You add the spells Sigil of Binding, Call Canine Familiar,
                  | Dimensional Bullseye and Leda's Liquefaction to your
                  | library.
 47301 | Elf:1    | Reached skill level 10 in Summonings
 47698 | Elf:2    | Reached skill level 14 in Spellcasting
 47790 | Elf:2    | Identified the +6 tower shield of the Earth {rN+ Regen+}
 47790 | Elf:2    | Noticed Louise
 47803 | Elf:2    | Killed Louise
 47955 | Elf:2    | Upgraded the game from 0.31-a0-750-gfe7b580527 to
                  | 0.31-a0-765-g67fe2935dc
 47956 | Elf:2    | magus.rc [v1.9.6]
 47965 | Elf:2    | Found Qisau's Jewellery Shoppe.
 48002 | Elf:2    | Bought the ring of Hefyruf {Wiz rElec rN+ Will+} for 753
                  | gold pieces
 48105 | Elf:2    | You pick up a book of Geomancy and begin reading...
 48394 | Elf:2    | Identified the +0 scale mail "Tezutasa" {rPois Regen+
                  | Slay-5 SInv}
 48443 | Elf:2    | Reached XP level 22. HP: 157/157 MP: 40/40
 48471 | Elf:2    | Found a runed translucent gate.
 48472 | Elf:2    | Found a runed translucent gate.
 48472 | Elf:2    | Found a runed translucent gate.
 48515 | Elf:3    | Entered Level 3 of the Elven Halls
 48565 | Elf:3    | Reached skill level 15 in Spellcasting
 48927 | Elf:3    | Aim: a deep elf high priest, wielding a +1 antimagic
                  | quarterstaff and wearing a +0 chain mail (moderately
                  | wounded, about 29% to evade the +8 demon trident "Rift")
 48927 | Elf:3    | Aim: a deep elf high priest, wielding a +1 antimagic
                  | quarterstaff and wearing a +0 chain mail (moderately
                  | wounded, about 29% to evade the +8 demon trident "Rift")
 48928 | Elf:3    | Aim: a deep elf high priest, wielding a +1 antimagic
                  | quarterstaff and wearing a +0 chain mail (heavily wounded,
                  | constricted by you, about 14% to evade the +8 demon trident
                  | "Rift")
 48928 | Elf:3    | Aim: a deep elf high priest, wielding a +1 antimagic
                  | quarterstaff and wearing a +0 chain mail (heavily wounded,
                  | constricted by you, about 14% to evade the +8 demon trident
                  | "Rift")
 48929 | Elf:3    | Aim: a deep elf high priest, wielding a +1 antimagic
                  | quarterstaff and wearing a +0 chain mail (almost dead,
                  | constricted by you, about 14% to evade the +8 demon trident
                  | "Rift")
 48929 | Elf:3    | Aim: a deep elf high priest, wielding a +1 antimagic
                  | quarterstaff and wearing a +0 chain mail (almost dead,
                  | constricted by you, about 14% to evade the +8 demon trident
                  | "Rift")
 48930 | Elf:3    | Aim: a deep elf high priest, wielding a +1 antimagic
                  | quarterstaff and wearing a +0 chain mail (almost dead,
                  | constricted by you, about 14% to evade the +8 demon trident
                  | "Rift")
 48930 | Elf:3    | Aim: a deep elf high priest, wielding a +1 antimagic
                  | quarterstaff and wearing a +0 chain mail (almost dead,
                  | constricted by you, about 14% to evade the +8 demon trident
                  | "Rift")
 49334 | Elf:3    | Identified the +6 war axe "Lorem Ipsum" {heavy, rC- rCorr
                  | SInv}
 49405 | Elf:3    | Identified the +5 shortbow "Caecon" {heavy, Stlth+}
 49479 | Elf:3    | Identified the +3 war axe of Radicalism {antimagic, Stlth+}
 49702 | Elf:3    | a deep elf annihilator comes into view. It is wielding the
                  | +3 Elemental Staff {ele, rElec rF+ rC+ AC+3}.
 49703 | Elf:3    | Aim: a deep elf annihilator, wielding the +3 Elemental
                  | Staff {ele, rElec rF+ rC+ AC+3} and wearing a +0 chain mail
                  | (wandering, hasn't noticed you, empty space bonus: 6/8)
 49703 | Elf:3    | Aim: a deep elf annihilator, wielding the +3 Elemental
                  | Staff {ele, rElec rF+ rC+ AC+3} and wearing a +0 chain mail
                  | (wandering, hasn't noticed you, empty space bonus: 6/8)
 49710 | Elf:3    | Aim: a deep elf annihilator, wielding the +3 Elemental
                  | Staff {ele, rElec rF+ rC+ AC+3} and wearing a +0 chain mail
                  | (lightly wounded, empty space bonus: 6/8)
 49710 | Elf:3    | Aim: a deep elf annihilator, wielding the +3 Elemental
                  | Staff {ele, rElec rF+ rC+ AC+3} and wearing a +0 chain mail
                  | (lightly wounded, empty space bonus: 6/8)
 49711 | Elf:3    | Aim: a deep elf annihilator, wielding the +3 Elemental
                  | Staff {ele, rElec rF+ rC+ AC+3} and wearing a +0 chain mail
                  | (heavily wounded, 100% to hit)
 49711 | Elf:3    | Aim: a deep elf annihilator, wielding the +3 Elemental
                  | Staff {ele, rElec rF+ rC+ AC+3} and wearing a +0 chain mail
                  | (heavily wounded, 100% to hit)
 49711 | Elf:3    | Aim: a deep elf annihilator, wielding the +3 Elemental
                  | Staff {ele, rElec rF+ rC+ AC+3} and wearing a +0 chain mail
                  | (heavily wounded, 100% to hit)
 49712 | Elf:3    | Aim: a deep elf annihilator, wielding the +3 Elemental
                  | Staff {ele, rElec rF+ rC+ AC+3} and wearing a +0 chain mail
                  | (heavily wounded, constricted by zombie hands, empty space
                  | bonus: 6/8)
 49712 | Elf:3    | Aim: a deep elf annihilator, wielding the +3 Elemental
                  | Staff {ele, rElec rF+ rC+ AC+3} and wearing a +0 chain mail
                  | (heavily wounded, constricted by zombie hands, empty space
                  | bonus: 6/8)
 49713 | Elf:3    | Aim: a deep elf annihilator, wielding the +3 Elemental
                  | Staff {ele, rElec rF+ rC+ AC+3} and wearing a +0 chain mail
                  | (almost dead, constricted by zombie hands, empty space
                  | bonus: 5/8)
 49713 | Elf:3    | Aim: a deep elf annihilator, wielding the +3 Elemental
                  | Staff {ele, rElec rF+ rC+ AC+3} and wearing a +0 chain mail
                  | (almost dead, constricted by zombie hands, empty space
                  | bonus: 5/8)
 49737 | Elf:3    | Reached skill level 16 in Spellcasting
 50014 | Elf:3    | Identified the ring of Ru's Castigation {Ice Int+3 Slay+3
                  | SInv}
 50240 | Elf:3    | Identified the +6 spear "Fyff" {heavy, rPois Str+5}
 50243 | Elf:3    | Reached skill level 9 in Necromancy
 50249 | Elf:3    | Identified the +1 dire flail "Jemar" {speed, Str+3}
 50250 | Elf:3    | Aim: a deep elf annihilator, wielding the +1 dire flail
                  | "Jemar" {speed, Str+3} and wearing a +0 leather armour
                  | (moderately wounded, ally target, about 32% to evade the +8
                  | demon trident "Rift")
 50250 | Elf:3    | Aim: a deep elf annihilator, wielding the +1 dire flail
                  | "Jemar" {speed, Str+3} and wearing a +0 leather armour
                  | (moderately wounded, ally target, about 32% to evade the +8
                  | demon trident "Rift")
 50251 | Elf:3    | Aim: a deep elf annihilator, wielding the +1 dire flail
                  | "Jemar" {speed, Str+3} and wearing a +0 leather armour
                  | (heavily wounded, not watching you, ally target, about 32%
                  | to evade the +8 demon trident "Rift")
 50251 | Elf:3    | Aim: a deep elf annihilator, wielding the +1 dire flail
                  | "Jemar" {speed, Str+3} and wearing a +0 leather armour
                  | (heavily wounded, not watching you, ally target, about 32%
                  | to evade the +8 demon trident "Rift")
 50364 | Elf:3    | You add the spells Ozocubu's Armour and Ozocubu's
                  | Refrigeration to your library.
 50429 | Elf:3    | You pick up a book of the Warp and begin reading...
 50996 | Vaults:3 | Reached skill level 10 in Necromancy
 51099 | Vaults:3 | Reached skill level 11 in Shields
 51181 | Vaults:3 | Reached skill level 12 in Shields
 51294 | Vaults:3 | You add the spells Olgreb's Toxic Radiance and Discord to
                  | your library.
 51435 | Vaults:3 | Reached skill level 13 in Shields
 51737 | Vaults:3 | Noticed a golden dragon
 51742 | Vaults:3 | Banished a golden dragon
 51757 | Vaults:3 | Reached skill level 14 in Shields
 51771 | Vaults:3 | Acquired the +2 hood of the Assassin {Detect Stab+ Stlth++}
 51771 | Vaults:3 | Found the +2 hood of the Assassin {Detect Stab+ Stlth++}
 52082 | Vaults:3 | Identified the +5 triple crossbow "Poolamam" {heavy, rElec
                  | Will- Stlth+}
 52167 | Vaults:4 | Reached skill level 7 in Stealth
 52207 | Vaults:4 | Found a crumbling gateway.
 52220 | Desolati | Entered the Desolation of Salt
 52240 | Desolati | Aim: an ironbound convoker, wielding a +0 dire flail and
                  | wearing a +0 scale mail (salt, asleep, about 2% to evade
                  | the +8 demon trident "Rift")
 52240 | Desolati | Aim: an ironbound convoker, wielding a +0 dire flail and
                  | wearing a +0 scale mail (salt, asleep, about 2% to evade
                  | the +8 demon trident "Rift")
 52264 | Desolati | Reached skill level 8 in Stealth
 52338 | Desolati | Reached skill level 15 in Shields
 52384 | Desolati | Reached skill level 9 in Stealth
 52384 | Desolati | Reached XP level 23. HP: 132/162 MP: 43/43
 52417 | Desolati | Aim: an ironbound convoker, wielding a +0 mace and wearing
                  | a +0 scale mail (freezing vapour, severely wounded, not
                  | watching you, ally target, about 26% to evade the +8 demon
                  | trident "Rift")
 52417 | Desolati | Aim: an ironbound convoker, wielding a +0 mace and wearing
                  | a +0 scale mail (freezing vapour, severely wounded, not
                  | watching you, ally target, about 26% to evade the +8 demon
                  | trident "Rift")
 52431 | Desolati | Reached skill level 10 in Stealth
 52490 | Desolati | Identified the ring of Lies {+Blink MP+9}
 52576 | Desolati | Identified the ring of Suschaung {rCorr Str+2}
 52579 | Desolati | Identified the ring of Riox {rF- Str+3 Dex+6 SInv}
 52740 | Desolati | Reached skill level 11 in Necromancy
 52755 | Desolati | Aim: a gargoyle, wielding a +0 dire flail (almost
                  | destroyed, held by your snaplasher vine, not watching you,
                  | ally target, about 13% to evade the +8 demon trident
                  | "Rift")
 52755 | Desolati | Aim: a gargoyle, wielding a +0 dire flail (almost
                  | destroyed, held by your snaplasher vine, not watching you,
                  | ally target, about 13% to evade the +8 demon trident
                  | "Rift")
 52871 | Desolati | You add the spells Sublimation of Blood and Simulacrum to
                  | your library.
 52871 | Desolati | Got Kikubaaqudgha's Catalogue of Misery
 52998 | Desolati | Identified the +4 scale mail of the Charming Gods {rF+ rC++
                  | Will+}
 53101 | Desolati | Reached skill level 12 in Necromancy
 53150 | Desolati | Identified the +6 ring mail of a Gauntlet {rN+ Str+2 Int+3}
 53511 | Vaults:4 | Reached skill level 13 in Necromancy
 53883 | Vaults:4 | Reached skill level 14 in Necromancy
 53923 | Vaults:4 | Reached skill level 9 in Invocations
 54255 | Vaults:4 | Reached skill level 10 in Invocations
 54415 | Vaults:4 | Aim: an ironbound convoker, wielding a +0 flail and wearing
                  | a +0 ring mail (severely wounded, about 26% to evade the +8
                  | demon trident "Rift")
 54415 | Vaults:4 | Aim: an ironbound convoker, wielding a +0 flail and wearing
                  | a +0 ring mail (severely wounded, about 26% to evade the +8
                  | demon trident "Rift")
 54784 | Vaults:4 | Identified the staff of Guile {rF+ rN+ Necro}
 55130 | Depths:1 | Entered Level 1 of the Depths
 55132 | Depths:1 | magus.rc [v1.9.6]
 55137 | Depths:1 | Reached skill level 11 in Invocations
 55137 | Depths:1 | magus.rc [v1.9.6]
 55325 | Crypt:1  | Entered Level 1 of the Crypt
 55622 | Depths:1 | magus.rc [v1.9.6]
 55622 | Depths:1 | magus.rc [v1.9.6]
 55746 | Depths:1 | Reached skill level 12 in Invocations
 55759 | Depths:1 | Found a gateway to Hell.
 55773 | Depths:1 | You pick up a book of Touch and begin reading...
 55773 | Depths:1 | You add the spells Kiss of Death, Confusing Touch and
                  | Dispel Undead to your library.
 55819 | Depths:1 | Found a stormy altar of Qazlal.
 56170 | Depths:2 | Found a one-way gate to the infinite horrors of the Abyss.
 56412 | Depths:2 | Reached skill level 11 in Stealth
 56611 | Depths:2 | Reached skill level 12 in Stealth
 56883 | Depths:2 | Reached XP level 24. HP: 169/169 MP: 43/43
 56896 | Depths:2 | Reached skill level 13 in Stealth
 57067 | Depths:2 | Reached skill level 14 in Stealth
 57445 | Depths:3 | Reached skill level 15 in Stealth
 57457 | Depths:3 | Reached skill level 16 in Stealth
 57463 | Depths:3 | HP: 41/169 [constriction (8)]
 57765 | Depths:2 | magus.rc [v1.9.6]
 58295 | Depths:3 | You pick up a book of Debilitation and begin reading...
 58319 | Depths:3 | Reached skill level 13 in Dodging
 58339 | Depths:3 | Paralysed by a floating eye for 3 turns
 58634 | Depths:3 | Reached skill level 14 in Dodging
 58786 | Depths:3 | Got Eceme's Verses on Liminal Electrocution
 58900 | Depths:3 | Noticed a caustic shrike
 58907 | Depths:3 | Killed a caustic shrike
 58911 | Depths:3 | Aim: a fire giant, wielding a +1 great sword of flaming
                  | (lightly wounded, ally target, about 17% to evade the +8
                  | demon trident "Rift")
 58911 | Depths:3 | Aim: a fire giant, wielding a +1 great sword of flaming
                  | (lightly wounded, ally target, about 17% to evade the +8
                  | demon trident "Rift")
 58912 | Depths:3 | Aim: a fire giant, wielding a +1 great sword of flaming
                  | (moderately wounded, ally target, about 17% to evade the +8
                  | demon trident "Rift")
 58912 | Depths:3 | Aim: a fire giant, wielding a +1 great sword of flaming
                  | (moderately wounded, ally target, about 17% to evade the +8
                  | demon trident "Rift")
 58913 | Depths:3 | Aim: a fire giant, wielding a +1 great sword of flaming
                  | (severely wounded, not watching you, ally target, about 17%
                  | to evade the +8 demon trident "Rift")
 58913 | Depths:3 | Aim: a fire giant, wielding a +1 great sword of flaming
                  | (severely wounded, not watching you, ally target, about 17%
                  | to evade the +8 demon trident "Rift")
 58914 | Depths:3 | Aim: a fire giant, wielding a +1 great sword of flaming
                  | (severely wounded, ally target, about 17% to evade the +8
                  | demon trident "Rift")
 58914 | Depths:3 | Aim: a fire giant, wielding a +1 great sword of flaming
                  | (severely wounded, ally target, about 17% to evade the +8
                  | demon trident "Rift")
 58915 | Depths:3 | Aim: a fire giant, wielding a +1 great sword of flaming
                  | (almost dead, ally target, about 17% to evade the +8 demon
                  | trident "Rift")
 58915 | Depths:3 | Aim: a fire giant, wielding a +1 great sword of flaming
                  | (almost dead, ally target, about 17% to evade the +8 demon
                  | trident "Rift")
 59088 | Depths:3 | Reached skill level 17 in Stealth
 59211 | Depths:3 | Identified +0 gold dragon scales
 59315 | Depths:3 | Found Majiecw's Assorted Antiques.
 59315 | Depths:3 | Found Peyhapov's Distillery.
 59326 | Depths:3 | Bought a potion of heal wounds for 125 gold pieces
 59326 | Depths:3 | Bought a potion of mutation for 200 gold pieces
 59351 | Depths:3 | Found a hazy altar of Hepliaklqana.
 59512 | Depths:4 | Entered Level 4 of the Depths
 59515 | Depths:3 | magus.rc [v1.9.6]
 59602 | Depths:4 | Learned a level 8 spell: Infestation
 59846 | Depths:4 | Found a one-way gateway to a ziggurat.
 59872 | Depths:4 | Reached skill level 18 in Stealth
 59949 | Depths:4 | Identified the +2 plate armour of a bazaar {Int+2}
 60016 | Depths:4 | Noticed a juggernaut
 60032 | Depths:4 | Killed a juggernaut
 60191 | Depths:4 | You pick up a book of Air and begin reading...
 60260 | Depths:4 | Reached skill level 19 in Stealth
 60452 | Depths:4 | Aim: a green draconian, wielding a +0 trident (heavily
                  | wounded, slow, ally target, about 27% to evade the +8 demon
                  | trident "Rift")
 60452 | Depths:4 | Aim: a green draconian, wielding a +0 trident (heavily
                  | wounded, slow, ally target, about 27% to evade the +8 demon
                  | trident "Rift")
 60453 | Depths:4 | Aim: a green draconian, wielding a +0 trident (heavily
                  | wounded, slow, ally target, about 27% to evade the +8 demon
                  | trident "Rift")
 60453 | Depths:4 | Aim: a green draconian, wielding a +0 trident (heavily
                  | wounded, slow, ally target, about 27% to evade the +8 demon
                  | trident "Rift")
 60744 | Depths:4 | Aim: a white draconian, wielding a +0 halberd (moderately
                  | wounded, infested, slow, catching its breath, ally target,
                  | about 27% to evade the +8 demon trident "Rift")
 60744 | Depths:4 | Aim: a white draconian, wielding a +0 halberd (moderately
                  | wounded, infested, slow, catching its breath, ally target,
                  | about 27% to evade the +8 demon trident "Rift")
 60745 | Depths:4 | Aim: a white draconian, wielding a +0 halberd (moderately
                  | wounded, infested, slow, catching its breath, ally target,
                  | about 27% to evade the +8 demon trident "Rift")
 60745 | Depths:4 | Aim: a white draconian, wielding a +0 halberd (moderately
                  | wounded, infested, slow, catching its breath, ally target,
                  | about 27% to evade the +8 demon trident "Rift")
 60746 | Depths:4 | Aim: a white draconian, wielding a +0 halberd (moderately
                  | wounded, infested, slow, catching its breath, ally target,
                  | about 27% to evade the +8 demon trident "Rift")
 60746 | Depths:4 | Aim: a white draconian, wielding a +0 halberd (moderately
                  | wounded, infested, slow, catching its breath, ally target,
                  | about 27% to evade the +8 demon trident "Rift")
 60747 | Depths:4 | Aim: a white draconian, wielding a +0 halberd (severely
                  | wounded, infested, slow, catching its breath, ally target,
                  | about 27% to evade the +8 demon trident "Rift")
 60747 | Depths:4 | Aim: a white draconian, wielding a +0 halberd (severely
                  | wounded, infested, slow, catching its breath, ally target,
                  | about 27% to evade the +8 demon trident "Rift")
 60748 | Depths:4 | Aim: a white draconian, wielding a +0 halberd (almost dead,
                  | infested, slow, catching its breath, ally target, about 27%
                  | to evade the +8 demon trident "Rift")
 60748 | Depths:4 | Aim: a white draconian, wielding a +0 halberd (almost dead,
                  | infested, slow, catching its breath, ally target, about 27%
                  | to evade the +8 demon trident "Rift")
 60751 | Depths:4 | Aim: a red draconian, wielding a +0 hand axe (heavily
                  | wounded, slow, ally target, about 27% to evade the +8 demon
                  | trident "Rift")
 60751 | Depths:4 | Aim: a red draconian, wielding a +0 hand axe (heavily
                  | wounded, slow, ally target, about 27% to evade the +8 demon
                  | trident "Rift")
 60752 | Depths:4 | Aim: a red draconian, wielding a +0 hand axe (heavily
                  | wounded, slow, ally target, about 27% to evade the +8 demon
                  | trident "Rift")
 60752 | Depths:4 | Aim: a red draconian, wielding a +0 hand axe (heavily
                  | wounded, slow, ally target, about 27% to evade the +8 demon
                  | trident "Rift")
 60753 | Depths:4 | Aim: a red draconian, wielding a +0 hand axe (almost dead,
                  | not watching you, slow, ally target, about 27% to evade the
                  | +8 demon trident "Rift")
 60753 | Depths:4 | Aim: a red draconian, wielding a +0 hand axe (almost dead,
                  | not watching you, slow, ally target, about 27% to evade the
                  | +8 demon trident "Rift")
 60754 | Depths:4 | Reached XP level 25. HP: 173/174 MP: 33/43
 60825 | Depths:4 | Aim: a red draconian scorcher, wielding a +0 short sword
                  | and wearing a +1 cloak (freezing vapour, lightly wounded,
                  | infested, slow, ally target, about 30% to evade the +8
                  | demon trident "Rift")
 60825 | Depths:4 | Aim: a red draconian scorcher, wielding a +0 short sword
                  | and wearing a +1 cloak (freezing vapour, lightly wounded,
                  | infested, slow, ally target, about 30% to evade the +8
                  | demon trident "Rift")
 60826 | Depths:4 | Aim: a red draconian scorcher, wielding a +0 short sword
                  | and wearing a +1 cloak (freezing vapour, heavily wounded,
                  | infested, slow, ally target, about 30% to evade the +8
                  | demon trident "Rift")
 60826 | Depths:4 | Aim: a red draconian scorcher, wielding a +0 short sword
                  | and wearing a +1 cloak (freezing vapour, heavily wounded,
                  | infested, slow, ally target, about 30% to evade the +8
                  | demon trident "Rift")
 60827 | Depths:4 | Aim: a red draconian scorcher, wielding a +0 short sword
                  | and wearing a +1 cloak (freezing vapour, almost dead,
                  | infested, slow, ally target, about 30% to evade the +8
                  | demon trident "Rift")
 60827 | Depths:4 | Aim: a red draconian scorcher, wielding a +0 short sword
                  | and wearing a +1 cloak (freezing vapour, almost dead,
                  | infested, slow, ally target, about 30% to evade the +8
                  | demon trident "Rift")
 60914 | Depths:4 | Found a gate to the Realm of Zot.
 60974 | Depths:4 | Reached skill level 20 in Stealth
 61360 | Vaults:5 | Entered Level 5 of the Vaults
 61360 | Vaults:5 | Noticed an ancient lich
 61365 | Vaults:5 | Noticed an ancient lich
 61371 | Vaults:4 | HP: 37/174 [ancient lich/crystal spear (23)]
 61379 | Vaults:4 | Killed an ancient lich
 61968 | Slime:1  | Entered Level 1 of the Pits of Slime
 62125 | Slime:1  | Reached skill level 21 in Stealth
 62287 | Slime:5  | Entered Level 5 of the Pits of Slime
 62301 | Slime:5  | Reached skill level 15 in Necromancy
 62309 | Slime:5  | magus.rc [v1.9.6]
 62328 | Slime:5  | Noticed the Royal Jelly
 62329 | Slime:5  | Found a viscous altar of Jiyva.
 62347 | Slime:5  | Reached skill level 16 in Necromancy
 62349 | Slime:5  | Killed the Royal Jelly
 62602 | Slime:5  | Identified the +1 ring mail of Unto Lae {Drain rPois rN+}
 62621 | Slime:5  | Identified the +6 trident of the Dungeon {drain, Dex+3}
 62623 | Slime:5  | Identified the +1 lajatang "Uxkeus" {holy, Fragile rF+
                  | Will+ Stlth+}
 62634 | Slime:5  | Got a slimy rune of Zot
 62638 | Slime:5  | You pick up a book of Blasting and begin reading...
 62710 | Slime:5  | You pick up a book of Blood and begin reading...
 62710 | Slime:5  | You add the spells Wereblood and Summon Hydra to your
                  | library.
 62713 | Slime:5  | You add the spells Borgnjor's Revivification and Death's
                  | Door to your library.
 62734 | Slime:5  | Learned a level 8 spell: Borgnjor's Revivification
 63136 | Zot:1    | Entered Level 1 of the Realm of Zot
 63137 | Zot:1    | magus.rc [v1.9.6]
 63856 | Crypt:1  | Noticed a curse skull
 63857 | Crypt:1  | Killed a curse skull
 63896 | Crypt:1  | Reached skill level 16 in Fighting
 64003 | Crypt:1  | You pick up a book of Scorching and begin reading...
 64003 | Crypt:1  | You add the spells Scorch, Flame Wave and Summon Cactus
                  | Giant to your library.
 64468 | Crypt:2  | Noticed Jory
 64485 | Crypt:2  | Killed Jory
 64491 | Crypt:2  | Reached skill level 17 in Fighting
 64627 | Crypt:2  | Noticed Grunn
 64832 | Crypt:2  | Noticed a curse skull
 64836 | Crypt:2  | Noticed a royal mummy
 64839 | Crypt:2  | Noticed a royal mummy
 64839 | Crypt:2  | Noticed Khufu
 64841 | Crypt:2  | Killed a curse skull
 65866 | Orc:2    | Bought a scroll of teleportation for 42 gold pieces
 65868 | Orc:2    | Bought a scroll of fog for 60 gold pieces
 66076 | Depths:4 | magus.rc [v1.9.6]
 66670 | Vaults:5 | Reached skill level 18 in Fighting
 66670 | Vaults:5 | Reached XP level 26. HP: 189/189 MP: 25/43
 66685 | Vaults:5 | Aim: a hell knight, wielding a +1 heavy long sword and
                  | wearing a +0 chain mail (heavily wounded, slow, ally
                  | target, about 23% to evade the +8 demon trident "Rift")
 66689 | Vaults:5 | Aim: a deep elf high priest, wielding a +0 long sword
                  | (moderately wounded, brilliance aura, slow, about 31% to
                  | evade the +8 demon trident "Rift")
 66689 | Vaults:5 | Aim: a deep elf high priest, wielding a +0 long sword
                  | (moderately wounded, brilliance aura, slow, about 31% to
                  | evade the +8 demon trident "Rift")
 66925 | Vaults:5 | Noticed an ancient lich
 67154 | Vaults:4 | Killed an ancient lich
 67163 | Vaults:4 | Reached skill level 15 in Dodging
 67233 | Vaults:5 | Noticed a dread lich
 67279 | Vaults:4 | Killed a dread lich
 67320 | Vaults:5 | Noticed Xtahua
 67324 | Vaults:5 | Aim: a vault warden, wielding a +3 great sword of
                  | electrocution and wearing a +0 chain mail (asleep, about 2%
                  | to evade the +8 demon trident "Rift")
 67324 | Vaults:5 | Aim: a vault warden, wielding a +3 great sword of
                  | electrocution and wearing a +0 chain mail (asleep, about 2%
                  | to evade the +8 demon trident "Rift")
 67329 | Vaults:5 | Aim: a frost giant, wielding a +0 battleaxe of freezing
                  | (asleep, about 2% to evade the +8 demon trident "Rift")
 67329 | Vaults:5 | Aim: a frost giant, wielding a +0 battleaxe of freezing
                  | (asleep, about 2% to evade the +8 demon trident "Rift")
 67497 | Vaults:5 | Got a silver rune of Zot
 67508 | Vaults:5 | Identified the +10 hand axe "Goicixon" {drain, rPois rF-
                  | rCorr Int-5}
 67527 | Vaults:5 | Noticed a dread lich
 67532 | Vaults:5 | Killed a dread lich
 67556 | Vaults:5 | Identified the +1 dagger of Asaul {drain, rC+ Stlth+}
 67638 | Vaults:5 | Reached skill level 16 in Dodging
 67712 | Vaults:5 | Got the Papyrus of Undead Arson
 67764 | Vaults:5 | You pick up a book of Callings and begin reading...
 67793 | Vaults:5 | Identified the ring of Pessimism {Drain rPois rF+ AC+4
                  | Str+7}
 67816 | Vaults:5 | Reached skill level 16 in Shields
 67816 | Vaults:5 | magus.rc [v1.9.6]
 67868 | Vaults:5 | Killed an ancient lich
 68007 | Vaults:5 | Reached skill level 19 in Fighting
 68029 | Vaults:5 | Killed Xtahua
 68281 | Vaults:5 | You pick up a book of Sloth and begin reading...
 68281 | Vaults:5 | You add the spells Petrify and Metabolic Englaciation to
                  | your library.
 68287 | Vaults:5 | You pick up a book of Power and begin reading...
 68287 | Vaults:5 | You add the spells Iskenderun's Battlesphere and Leda's
                  | Unmaking to your library.
 68289 | Vaults:5 | You pick up a book of Conjurations {@e2} and begin
                  | reading...
 68298 | Vaults:5 | Learned a level 6 spell: Leda's Unmaking
 68505 | Vaults:5 | Identified the +1 helmet of Understanding {Will+ Str-3
                  | SInv}
 69287 | Zot:1    | Aim: a white draconian stormcaller, wielding a +0 whip and
                  | wearing a +0 cloak (heavily wounded, entangled in a web,
                  | infested, weak-willed, ally target, about 14% to evade the
                  | +8 demon trident "Rift")
 69287 | Zot:1    | Aim: a white draconian stormcaller, wielding a +0 whip and
                  | wearing a +0 cloak (heavily wounded, entangled in a web,
                  | infested, weak-willed, ally target, about 14% to evade the
                  | +8 demon trident "Rift")
 69287 | Zot:1    | Aim: a black draconian, wielding a +0 flail (lightly
                  | wounded, entangled in a web, infested, slow, catching its
                  | breath, ally target, about 14% to evade the +8 demon
                  | trident "Rift")
 69288 | Zot:1    | Aim: a black draconian, wielding a +0 flail (moderately
                  | wounded, entangled in a web, infested, slow, catching its
                  | breath, ally target, about 14% to evade the +8 demon
                  | trident "Rift")
 69288 | Zot:1    | Aim: a black draconian, wielding a +0 flail (moderately
                  | wounded, entangled in a web, infested, slow, catching its
                  | breath, ally target, about 14% to evade the +8 demon
                  | trident "Rift")
 69289 | Zot:1    | Aim: a black draconian, wielding a +0 short sword
                  | (moderately wounded, infested, ally target, about 26% to
                  | evade the +8 demon trident "Rift")
 69289 | Zot:1    | Aim: a black draconian, wielding a +0 short sword
                  | (moderately wounded, infested, ally target, about 26% to
                  | evade the +8 demon trident "Rift")
 69289 | Zot:1    | Aim: a white draconian stormcaller, wielding a +0 whip and
                  | wearing a +0 cloak (heavily wounded, entangled in a web,
                  | infested, weak-willed, ally target, about 14% to evade the
                  | +8 demon trident "Rift")
 69290 | Zot:1    | Aim: a black draconian, wielding a +0 short sword (black
                  | smoke, moderately wounded, infested, ally target, about 26%
                  | to evade the +8 demon trident "Rift")
 69290 | Zot:1    | Aim: a black draconian, wielding a +0 short sword (black
                  | smoke, moderately wounded, infested, ally target, about 26%
                  | to evade the +8 demon trident "Rift")
 69291 | Zot:1    | Aim: a black draconian, wielding a +0 short sword (heavily
                  | wounded, infested, ally target, about 26% to evade the +8
                  | demon trident "Rift")
 69291 | Zot:1    | Aim: a black draconian, wielding a +0 short sword (heavily
                  | wounded, infested, ally target, about 26% to evade the +8
                  | demon trident "Rift")
 69292 | Zot:1    | Aim: a green draconian, wielding a +0 short sword (grey
                  | smoke, almost dead, not watching you, ally target, about
                  | 26% to evade the +8 demon trident "Rift")
 69292 | Zot:1    | Aim: a green draconian, wielding a +0 short sword (grey
                  | smoke, almost dead, not watching you, ally target, about
                  | 26% to evade the +8 demon trident "Rift")
 69294 | Zot:1    | Aim: a black draconian, wielding a +0 long sword
                  | (moderately wounded, infested, slow, catching its breath,
                  | ally target, about 26% to evade the +8 demon trident
                  | "Rift")
 69294 | Zot:1    | Aim: a black draconian, wielding a +0 long sword
                  | (moderately wounded, infested, slow, catching its breath,
                  | ally target, about 26% to evade the +8 demon trident
                  | "Rift")
 69294 | Zot:1    | Aim: a white draconian, wielding a +0 short sword (severely
                  | wounded, not watching you, infested, about 26% to evade the
                  | +8 demon trident "Rift")
 69295 | Zot:1    | Aim: a white draconian, wielding a +0 short sword (almost
                  | dead, infested, catching its breath, about 26% to evade the
                  | +8 demon trident "Rift")
 69295 | Zot:1    | Aim: a white draconian, wielding a +0 short sword (almost
                  | dead, infested, catching its breath, about 26% to evade the
                  | +8 demon trident "Rift")
 69296 | Zot:1    | Aim: a white draconian, wielding a +0 short sword (almost
                  | dead, infested, catching its breath, about 26% to evade the
                  | +8 demon trident "Rift")
 69296 | Zot:1    | Aim: a white draconian, wielding a +0 short sword (almost
                  | dead, infested, catching its breath, about 26% to evade the
                  | +8 demon trident "Rift")
 69298 | Zot:1    | Aim: a yellow draconian, wielding a +0 flail (infested,
                  | slow, about 26% to evade the +8 demon trident "Rift")
 69298 | Zot:1    | Aim: a black draconian, wielding a +0 long sword (almost
                  | dead, infested, slow, about 26% to evade the +8 demon
                  | trident "Rift")
 69299 | Zot:1    | Aim: a yellow draconian, wielding a +0 flail (infested,
                  | slow, about 26% to evade the +8 demon trident "Rift")
 69299 | Zot:1    | Aim: a white draconian, wielding a +0 flail (moderately
                  | wounded, infested, slow, catching its breath, ally target,
                  | about 26% to evade the +8 demon trident "Rift")
 69299 | Zot:1    | Aim: a yellow draconian, wielding a +0 flail (infested,
                  | slow, about 26% to evade the +8 demon trident "Rift")
 69299 | Zot:1    | Aim: a white draconian, wielding a +0 flail (moderately
                  | wounded, infested, slow, catching its breath, ally target,
                  | about 26% to evade the +8 demon trident "Rift")
 69299 | Zot:1    | Aim: a purple draconian, wielding a +0 battleaxe (heavily
                  | wounded, infested, slow, catching its breath, ally target,
                  | about 26% to evade the +8 demon trident "Rift")
 69300 | Zot:1    | Aim: a yellow draconian, wielding a +0 flail (infested,
                  | slow, about 26% to evade the +8 demon trident "Rift")
 69300 | Zot:1    | Aim: a white draconian, wielding a +0 flail (moderately
                  | wounded, infested, slow, catching its breath, ally target,
                  | about 26% to evade the +8 demon trident "Rift")
 69301 | Zot:1    | Aim: a white draconian, wielding a +0 flail (heavily
                  | wounded, infested, slow, catching its breath, ally target,
                  | about 26% to evade the +8 demon trident "Rift")
 69301 | Zot:1    | Aim: a white draconian, wielding a +0 flail (heavily
                  | wounded, infested, slow, catching its breath, ally target,
                  | about 26% to evade the +8 demon trident "Rift")
 69306 | Zot:1    | Aim: a yellow draconian, wielding a +0 flail (severely
                  | wounded, not watching you, infested, slow, catching its
                  | breath, ally target, about 26% to evade the +8 demon
                  | trident "Rift")
 69306 | Zot:1    | Aim: a yellow draconian, wielding a +0 flail (severely
                  | wounded, not watching you, infested, slow, catching its
                  | breath, ally target, about 26% to evade the +8 demon
                  | trident "Rift")
 69333 | Zot:1    | Aim: a purple draconian, wielding a +0 dire flail (lightly
                  | wounded, slow, ally target, about 26% to evade the +8 demon
                  | trident "Rift")
 69333 | Zot:1    | Aim: a purple draconian, wielding a +0 dire flail (lightly
                  | wounded, slow, ally target, about 26% to evade the +8 demon
                  | trident "Rift")
 69334 | Zot:1    | Aim: a purple draconian, wielding a +0 dire flail (heavily
                  | wounded, slow, ally target, about 26% to evade the +8 demon
                  | trident "Rift")
 69334 | Zot:1    | Aim: a purple draconian, wielding a +0 dire flail (heavily
                  | wounded, slow, ally target, about 26% to evade the +8 demon
                  | trident "Rift")
 69442 | Zot:1    | quicksilver dragon scales {rare}; a quicksilver dragon
                  | corpse
 69500 | Zot:4    | Found a transporter.
 69516 | Zot:4    | Identified +0 gold dragon scales
 69521 | Zot:4    | Reached skill level 20 in Fighting
 69544 | Zot:5    | Entered Level 5 of the Realm of Zot
 69682 | Zot:5    | You pick up a book of the Hunter and begin reading...
 69824 | Zot:5    | Reached skill level 9 in Evocations
 70072 | Zot:5    | Reached XP level 27. HP: 201/201 MP: 43/43
 70079 | Zot:5    | Reached skill level 10 in Evocations
 70090 | Zot:5    | magus.rc [v1.9.6]
 70135 | Zot:5    | Noticed an ancient lich
 70142 | Zot:5    | Noticed an ancient lich
 70145 | Zot:5    | Aim: a black draconian knight, wielding a +0 battleaxe and
                  | wearing a +2 cloak (fast, slightly transparent, infested,
                  | catching its breath, about 27% to evade the +8 demon
                  | trident "Rift")
 70145 | Zot:5    | Aim: a black draconian knight, wielding a +0 battleaxe and
                  | wearing a +2 cloak (fast, slightly transparent, infested,
                  | catching its breath, about 27% to evade the +8 demon
                  | trident "Rift")
 70146 | Zot:5    | Killed an ancient lich
 70151 | Zot:5    | Aim: a black draconian knight, wielding a +0 battleaxe and
                  | wearing a +2 cloak (moderately wounded, fast, slightly
                  | transparent, infested, catching its breath, ally target,
                  | about 27% to evade the +8 demon trident "Rift")
 70151 | Zot:5    | Aim: a black draconian knight, wielding a +0 battleaxe and
                  | wearing a +2 cloak (moderately wounded, fast, slightly
                  | transparent, infested, catching its breath, ally target,
                  | about 27% to evade the +8 demon trident "Rift")
 70152 | Zot:5    | Aim: a black draconian knight, wielding a +0 battleaxe and
                  | wearing a +2 cloak (moderately wounded, fast, slightly
                  | transparent, infested, ally target, about 27% to evade the
                  | +8 demon trident "Rift")
 70152 | Zot:5    | Aim: a black draconian knight, wielding a +0 battleaxe and
                  | wearing a +2 cloak (moderately wounded, fast, slightly
                  | transparent, infested, ally target, about 27% to evade the
                  | +8 demon trident "Rift")
 70153 | Zot:5    | Aim: a black draconian knight, wielding a +0 battleaxe and
                  | wearing a +2 cloak (heavily wounded, constricted by you,
                  | fast, slightly transparent, infested, ally target, about
                  | 13% to evade the +8 demon trident "Rift")
 70153 | Zot:5    | Aim: a black draconian knight, wielding a +0 battleaxe and
                  | wearing a +2 cloak (heavily wounded, constricted by you,
                  | fast, slightly transparent, infested, ally target, about
                  | 13% to evade the +8 demon trident "Rift")
 70154 | Zot:5    | Aim: a black draconian knight, wielding a +0 battleaxe and
                  | wearing a +2 cloak (severely wounded, constricted by you,
                  | fast, slightly transparent, not watching you, infested,
                  | catching its breath, ally target, about 13% to evade the +8
                  | demon trident "Rift")
 70154 | Zot:5    | Aim: a black draconian knight, wielding a +0 battleaxe and
                  | wearing a +2 cloak (severely wounded, constricted by you,
                  | fast, slightly transparent, not watching you, infested,
                  | catching its breath, ally target, about 13% to evade the +8
                  | demon trident "Rift")
 70155 | Zot:5    | Banished an ancient lich
 70188 | Zot:5    | Noticed a dread lich
 70203 | Zot:5    | Noticed an orb of fire
 70204 | Zot:5    | Noticed an orb of fire
 70209 | Zot:5    | Killed a dread lich
 70210 | Zot:5    | Reached skill level 17 in Dodging
 70224 | Zot:5    | Killed an orb of fire
 70224 | Zot:5    | Gained mutation: You have a beak for a mouth. [an orb of
                  | fire]
 70225 | Zot:5    | Killed an orb of fire
 70310 | Zot:5    | Noticed a dread lich
 70316 | Zot:5    | Banished a dread lich
 70483 | Zot:5    | Noticed an electric golem
 70494 | Zot:5    | Killed an electric golem
 70558 | Zot:5    | Noticed a dread lich
 70573 | Zot:5    | Banished a dread lich
 70603 | Zot:5    | Reached skill level 18 in Dodging
 70652 | Zot:5    | Got the Orb of Zot
 70657 | Zot:5    | Noticed an ancient lich
 70664 | Zot:5    | Killed an ancient lich
 70669 | Zot:5    | Noticed a dread lich
 70676 | Zot:5    | Killed a dread lich
 70708 | Zot:5    | Noticed an ancient lich
 70714 | Zot:5    | Killed an ancient lich
 70733 | Zot:5    | Aim: a demonspawn warmonger, wielding a +2 demon blade of
                  | venom, wearing a +3 chain mail of fire resistance and
                  | wearing a +0 tower shield of positive energy (moderately
                  | wounded, weak-willed, ally target, about 23% to evade the
                  | +8 demon trident "Rift")
 70733 | Zot:5    | Aim: a demonspawn warmonger, wielding a +2 demon blade of
                  | venom, wearing a +3 chain mail of fire resistance and
                  | wearing a +0 tower shield of positive energy (moderately
                  | wounded, weak-willed, ally target, about 23% to evade the
                  | +8 demon trident "Rift")
 70734 | Zot:5    | Aim: a demonspawn warmonger, wielding a +2 demon blade of
                  | venom, wearing a +3 chain mail of fire resistance and
                  | wearing a +0 tower shield of positive energy (moderately
                  | wounded, weak-willed, ally target, about 23% to evade the
                  | +8 demon trident "Rift")
 70734 | Zot:5    | Aim: a demonspawn warmonger, wielding a +2 demon blade of
                  | venom, wearing a +3 chain mail of fire resistance and
                  | wearing a +0 tower shield of positive energy (moderately
                  | wounded, weak-willed, ally target, about 23% to evade the
                  | +8 demon trident "Rift")
 70740 | Zot:5    | Reached skill level 19 in Dodging
 70787 | Zot:3    | Noticed Irhalelu the pandemonium lord
 70978 | D:14     | Noticed Moycraank the pandemonium lord
 70987 | D:14     | Killed Moycraank the pandemonium lord
 71211 | D:$      | Escaped with the Orb!

Vanquished Creatures
  the Royal Jelly (Slime:5)
  A pandemonium lord (D:14)
  3 ancient liches
  2 dread liches
  An orb of fire (Zot:5)
  Bai Suzhen (Spider:2)
  A caustic shrike (Depths:3)
  Xtahua (Vaults:5)
  5 golden dragons
  Jory (Crypt:2)
  A bone dragon (Depths:4)
  An electric golem (Zot:5)
  Mlioglotl (Spider:2)
  A walking crystal tome (Depths:4)
  3 tentacled monstrosities
  13 Orb Guardians (Zot:5)
  A walking earthen tome (Depths:3)
  4 liches
  A walking frostbound tome (Depths:3)
  4 quicksilver dragons
  16 acid blobs
  A deep elf blademaster (Elf:3)
  4 titans
  5 sphinxes
  An ancient champion (Crypt:1)
  4 shadow dragons
  2 death cobs
  Kirke (Shoals:1)
  6 storm dragons
  5 azure jellies (Slime:5)
  A daeva (Shoals:4)
  5 rockslimes
  5 tengu reavers
  Ilsuiw (Shoals:3)
  2 iron dragons
  4 fire giants
  A draconian knight (Depths:4)
  3 deep elf sorcerers
  9 frost giants
  6 emperor scorpions
  2 imperial myrmidons (Desolation)
  A curse skull (Crypt:1)
  A draconian scorcher (Depths:4)
  7 ghouls
  2 draconian stormcallers
  15 vault wardens
  4 deep elf elementalists
  3 ghost moths (Spider:4)
  11 ironbound preservers
  An orc warlord (Vaults:1)
  Louise (Elf:2)
  A quicksilver ooze (shapeshifter) (Vaults:4)
  4 formless jellyfish
  A spriggan defender (Depths:3)
  5 war gargoyles
  4 quicksilver oozes (Slime:5)
  9 stone giants
  5 very ugly things
  2 reapers
  2 broodmothers
  2 elemental wellsprings (Shoals:2)
  6 vampire knights
  4 ironbound thunderhulks
  2 black draconians (Zot:1)
  2 green draconians
  2 halazid warlocks (Desolation)
  6 deep elf annihilators
  An eleionoma (shapeshifter) (Vaults:5)
  Azrael (Spider:1)
  4 deep elf demonologists
  A yellow draconian (Zot:4)
  6 dire elephants
  A minotaur (Gauntlet)
  6 spark wasps
  2 red draconians
  2 white draconians
  A blizzard demon (Zot:5)
  5 ettins
  An eidolon (Crypt:2)
  6 merfolk impalers
  6 deep elf death magi
  7 fire dragons
  3 merfolk javelineers (Shoals:4)
  3 crystal guardians
  5 deep elf high priests
  8 ragged hierophants (Desolation)
  12 ice dragons
  4 servants of whispers (Desolation)
  4 jiangshi
  9 entropy weavers
  6 great orbs of eyes
  8 yaktaur captains
  24 vault guards
  2 hydras
  A hydra (shapeshifter) (D:11)
  A rakshasa (Depths:1)
  3 demonspawn (Orc:2)
  5 spriggan air magi
  5 ironbound frosthearts
  2 jorogumos (Spider:4)
  An ogre mage (D:13)
  Erica (D:9)
  8 centaur warriors
  3 merfolk avatars
  4 radroaches
  3 merfolk aquamancers (Shoals:4)
  3 two-headed ogres
  15 peacekeepers
  A hell beast (Zot:3)
  2 deep troll earth magi
  An alligator snapping turtle (Shoals:2)
  2 boulder beetles (D:13)
  3 tengu warriors (Depths:3)
  4 death knights
  17 dancing weapons
  2 satyrs (Shoals:4)
  2 orc high priests (Orc:2)
  4 spriggan berserkers
  2 deep troll shamans (Depths:3)
  A sphinx skeleton (Crypt:2)
  Urug (Lair:2)
  A holy swine (Shoals:4)
  8 demonic crawlers
  A quicksilver ooze zombie (Crypt:2)
  Sonja (Orc:2)
  11 death yaks
  4 sun demons
  10 deep elf knights
  Amaemon (Lair:2)
  3 soul eaters
  9 hell knights
  7 sun moths
  2 skysharks
  4 skeletal warriors
  3 shadow wraiths (Crypt:2)
  An iron troll (shapeshifter) (Depths:3)
  A sixfirhy (Depths:2)
  2 cherubim (Shoals:4)
  9 sea snakes
  4 pharaoh ants
  2 swamp dragons
  9 orb spiders
  A glowing orange brain (Vaults:2)
  7 wizards
  4 bog bodies
  10 deep elf archers
  8 steelbarb worms
  33 deep trolls
  4 phantasmal warriors
  7 lindwurms
  18 deep elf zephyrmancers
  18 ironbound convokers
  18 deep elf pyromancers
  5 harpies (Shoals:2)
  7 orc sorcerers
  19 ugly things
  2 necromancers
  9 orc knights
  17 wolf spiders
  8 manticores
  2 shining eyes (Slime:5)
  2 oklob plants (Lair:4)
  7 cyclopes
  2 cyclops zombies
  9 fauns
  A guardian serpent (Desolation)
  3 elephants
  5 merfolk sirens
  11 moths of wrath
  A nameless horror (Vaults:5)
  5 black mambas
  11 water nymphs
  A naga mage (D:15)
  18 vault sentinels
  A dire elephant zombie (Crypt:2)
  4 molten gargoyles (Desolation)
  6 torpor snails
  An eye of devastation (Slime:2)
  2 smoke demons
  A water nymph (shapeshifter) (Depths:4)
  2 gargoyles
  A centaur zombie (D:15)
  An orange demon (Lair:2)
  9 cane toads
  2 unseen horrors (D:11)
  3 rime drakes
  A kobold demonologist (D:9)
  8 komodo dragons
  17 yaktaurs
  6 freezing wraiths
  A redback zombie (Spider:4)
  5 tengu conjurers
  A spectral human (Depths:3)
  A grey draconian skeleton (Crypt:1)
  5 trolls
  A queen bee (Gauntlet)
  A polar bear (Lair:5)
  An ice devil (Gauntlet)
  5 meliai
  A hellwing (Depths:2)
  14 merfolk
  A harpy zombie (Shoals:2)
  3 tyrant leeches (Lair:5)
  5 wind drakes
  16 tarantellas
  12 hornets
  46 saltlings (Desolation)
  A tarantella zombie (Spider:2)
  2 jumping spider zombies (Spider:1)
  23 blink frogs
  6 snapping turtles
  4 flying skulls (Crypt:1)
  3 dream sheep (Shoals:1)
  A great orb of eyes zombie (Crypt:2)
  60 slime creatures
  2 shadows
  33 jumping spiders
  An air elemental (Elf:2)
  18 culicivoras
  8 wyverns
  A spriggan (shapeshifter) (Elf:2)
  A wind drake zombie (Shoals:4)
  8 wraiths
  2 ynoxinuls
  10 water elementals
  2 vampires
  An ettin skeleton (Crypt:2)
  A hog (Shoals:1)
  2 fire bats (Gauntlet)
  A golden eye (Slime:5)
  2 basilisks
  35 yaks
  A steam dragon (Lair:5)
  A chaos spawn (Orc:2)
  3 fire elementals
  44 redbacks
  13 vampire mosquitoes
  2 wargs
  2 acid dragons
  A tengu zombie (Depths:3)
  12 water moccasins
  A hell hound (Spider:1)
  27 orc warriors
  2 floating eyes (Depths:3)
  2 ice beasts (D:6)
  2 black bears
  3 swamp drakes
  An elf zombie (Elf:1)
  A merfolk zombie (Shoals:2)
  7 ogres
  A boggart (Vaults:3)
  11 wolves
  14 centaurs
  3 kobold brigands
  2 phantoms
  10 bullfrogs
  3 necrophages
  A yaktaur zombie (Vaults:3)
  2 gnoll sergeants
  4 scorpions
  2 earth elementals
  18 wights
  A spriggan zombie (Crypt:1)
  A killer bee (shapeshifter) (Elf:3)
  14 killer bees
  2 electric eels
  5 howler monkeys
  8 jellies
  A hound (D:6)
  23 orc priests
  2 gnoll boudas (D:8)
  8 iguanas
  A basilisk skeleton (Crypt:1)
  24 orc wizards
  A scorpion zombie (Crypt:2)
  5 hell rats (Lair:2)
  A mummy (Crypt:2)
  14 gnolls
  3 adders
  13 river rats (Lair:2)
  4 shadow imps
  5 white imps
  An ufetubus (D:3)
  3 worms
  2 dart slugs
  94 orcs
  8 ball pythons
  6 endoplasms
  5 giant cockroaches
  4 goblins
  11 hobgoblins
  2 jackals (D:4)
  12 quokkas
  3 bats (D:3)
  4 frilled lizards
  A gnoll skeleton (Crypt:2)
  A goblin skeleton (Crypt:1)
  19 kobolds
  A kobold skeleton (Crypt:2)
  3 orc zombies
  14 rats
  15 snaplasher vines
1788 creatures vanquished.

Vanquished Creatures (collateral kills)
  2 dread liches (Zot:5)
  3 ancient liches
  An orb of fire (Zot:5)
  A juggernaut (Depths:4)
  A Killer Klown (Zot:5)
  2 golden dragons (Depths:4)
  A bone dragon (Depths:4)
  2 tentacled monstrosities (Depths:3)
  8 Orb Guardians (Zot:5)
  A walking crystal tome (Depths:3)
  A deep elf blademaster (Elf:3)
  A lich (Vaults:5)
  Polyphemus (Shoals:2)
  A quicksilver dragon (Zot:1)
  An acid blob (Slime:5)
  2 storm dragons
  A tengu reaver (Depths:3)
  2 shadow dragons
  4 fire giants
  An azure jelly (Slime:5)
  A rockslime (Slime:5)
  3 vault wardens
  A draconian knight (Zot:5)
  An imperial myrmidon (Desolation)
  3 frost giants
  2 deep elf sorcerers
  An iron dragon (Vaults:5)
  An orc warlord (Vaults:2)
  2 balrugs
  A curse skull (Crypt:2)
  A demonspawn blood saint (Zot:5)
  A ghoul (Crypt:1)
  2 stone giants
  A very ugly thing (Depths:2)
  A broodmother (Spider:1)
  A green draconian (Zot:5)
  An ironbound thunderhulk (Vaults:1)
  A formless jellyfish (Lair:4)
  A deep elf demonologist (Elf:3)
  2 dire elephants
  3 purple draconians
  A spark wasp (Depths:1)
  2 white draconians
  3 deep elf annihilators
  A jiangshi (Depths:3)
  An eidolon (Crypt:2)
  4 ettins
  A deep elf death mage (Elf:3)
  3 merfolk javelineers
  2 deep elf high priests
  3 yaktaur captains
  3 merfolk impalers (Shoals:4)
  3 fire dragons
  2 hydras (Lair:5)
  2 ice dragons
  7 vault guards
  A great orb of eyes (Slime:5)
  A peacekeeper (Vaults:4)
  2 radroaches
  A jorogumo (Spider:1)
  A boulder beetle (Spider:4)
  2 merfolk aquamancers
  2 catoblepae
  A centaur warrior (D:15)
  2 tengu warriors
  4 dancing weapons
  2 death knights
  10 death yaks
  A hell hog (Gauntlet)
  2 vampire magi
  A deep troll earth mage (Depths:3)
  3 spriggan berserkers
  2 orc high priests (Orc:2)
  2 hell knights (Vaults:5)
  2 deep elf knights
  7 skeletal warriors
  4 skysharks
  A sun demon (Zot:5)
  A pharaoh ant (Spider:1)
  2 sun moths (Spider:3)
  A cherub (Shoals:4)
  3 deep trolls
  3 glowing orange brains
  4 sea snakes
  3 orb spiders
  A deep elf archer (Elf:2)
  6 deep elf pyromancers
  2 orc knights
  3 deep elf zephyrmancers
  A wizard (Vaults:2)
  A phantasmal warrior (Vaults:5)
  9 ugly things
  9 wolf spiders
  4 orc sorcerers
  2 moths of wrath
  3 cyclopes
  2 manticores
  9 fauns
  A centaur zombie (D:15)
  A naga mage (D:15)
  5 merfolk sirens
  8 elephants
  4 water nymphs
  3 vault sentinels
  2 centaur skeletons (D:15)
  4 torpor snails
  A smoke demon (Depths:3)
  A rime drake (Lair:5)
  A gargoyle (D:12)
  2 komodo dragons
  A kobold demonologist (D:12)
  3 freezing wraiths
  4 yaktaurs
  A red devil (Zot:5)
  A troll (D:12)
  3 merfolk (Shoals:2)
  A meliai (Spider:4)
  8 saltlings (Desolation)
  5 tarantellas
  A wind drake (Shoals:1)
  8 dream sheep
  2 snapping turtles
  8 blink frogs
  A jumping spider (shapeshifter) (Elf:2)
  7 slime creatures
  10 jumping spiders
  A shadow (D:12)
  3 water elementals
  A satyr skeleton (Crypt:1)
  16 yaks
  A wraith (D:15)
  2 culicivoras
  An air elemental (Elf:3)
  2 basilisks (Lair:5)
  A fire elemental (Spider:1)
  A fire bat (Gauntlet)
  2 hogs (Shoals:1)
  15 redbacks
  A merfolk zombie (Crypt:1)
  4 hell hounds
  2 water moccasins
  A black bear (Lair:4)
  A hornet zombie (D:15)
  12 orc warriors
  7 wolves
  An ogre (Orc:2)
  A hog zombie (Crypt:2)
  A kobold brigand (D:10)
  A bullfrog (Lair:1)
  A necrophage (Crypt:1)
  An earth elemental (Elf:2)
  A scorpion (Lair:3)
  5 orc priests
  An iguana (Lair:5)
  3 gnolls (Orc:2)
  2 river rats (Lair:2)
  2 worms (Lair:3)
  8 orcs
  A giant cockroach (Lair:3)
  4 kobolds (D:10)
  A rat (Lair:2)
434 creatures vanquished.

Vanquished Creatures (others)
  A fire giant (Depths:1)
  A quicksilver dragon zombie (Vaults:5)
  10 Orb Guardian zombies (Zot:5)
  A quicksilver ooze zombie (Vaults:4)
  2 titan zombies (Vaults:5)
  2 deep elf knights
  2 storm dragon zombies (Vaults:5)
  A spark wasp zombie (Depths:1)
  A golden dragon zombie (Depths:3)
  An ogre zombie (Vaults:4)
  A wizard (Vaults:1)
  3 wolf spider zombies
  4 fire giant zombies
  2 deep elf zephyrmancers
  An ugly thing zombie (Depths:2)
  3 stone giant zombies
  2 frost giant zombies
  A moth of wrath (Zot:5)
  6 elf zombies
  A centaur zombie (D:15)
  5 redback zombies
  An iron troll zombie (Depths:3)
  11 human zombies
  2 sea snake zombies
  A steelbarb worm zombie (Spider:3)
  4 harpy zombies (Shoals:2)
  3 tarantella zombies
  A sun moth zombie (Spider:3)
  2 culicivora zombies
  2 ice dragon zombies
  A spriggan zombie (Depths:3)
  6 jumping spider zombies
  A fire dragon zombie (Depths:3)
  2 ettin zombies
  A radroach zombie (Spider:4)
  A human (Shoals:1)
  2 wind drake zombies
  6 slime creature zombies (Slime:5)
  A redback (Spider:3)
  5 deep troll zombies
  9 merfolk zombies
  A faun zombie (Shoals:1)
  A skyshark zombie (Shoals:2)
  3 manticore zombies
  4 yaktaur zombies
  A cyclops zombie (Shoals:4)
  2 tengu zombies (Depths:2)
  A yak zombie (Shoals:4)
  7 orc zombies (Orc:2)
  45 fulminant prisms
  14 snaplasher vines
192 creatures vanquished.

Grand Total: 2414 creatures vanquished

Table legend:
 A = Non-vault XP
 B = Vault XP
 C = Vault XP percentage of total XP
 D = Non-vault monster count
 E = Vault monster count
 F = Vault count percentage of total count
                 A         B        C        D         E       F
            +---------+---------+-------+---------+---------+-------
      Total |  653239 |  617991 |  48.6 |    1432 |     826 |  36.6
            +---------+---------+-------+---------+---------+-------
        D:1 |      35 |       0 |   0.0 |      18 |       0 |   0.0
        D:2 |      58 |       0 |   0.0 |      22 |       0 |   0.0
        D:3 |      40 |       2 |   4.8 |      18 |       1 |   5.3
        D:4 |     134 |       0 |   0.0 |      13 |       0 |   0.0
        D:5 |     957 |       0 |   0.0 |      20 |       0 |   0.0
        D:6 |     823 |       0 |   0.0 |      19 |       0 |   0.0
        D:7 |    1090 |       0 |   0.0 |      19 |       0 |   0.0
        D:8 |    1604 |     330 |  17.1 |      42 |      18 |  30.0
        D:9 |    2653 |     836 |  24.0 |      30 |       1 |   3.2
       D:10 |    2193 |    4500 |  67.2 |      35 |      30 |  46.2
       D:11 |    5078 |    3930 |  43.6 |      29 |       7 |  19.4
       D:12 |    7792 |       0 |   0.0 |      20 |       0 |   0.0
       D:13 |    9294 |    3844 |  29.3 |      22 |      18 |  45.0
       D:14 |    6058 |       0 |   0.0 |      17 |       0 |   0.0
       D:15 |   11193 |    4128 |  26.9 |      26 |       9 |  25.7
     Lair:1 |    9078 |       0 |   0.0 |      42 |       0 |   0.0
     Lair:2 |    7071 |    4044 |  36.4 |      23 |      44 |  65.7
     Lair:3 |    8909 |    2366 |  21.0 |      31 |      13 |  29.5
     Lair:4 |   11596 |    1714 |  12.9 |      29 |       6 |  17.1
     Lair:5 |   24362 |   10391 |  29.9 |      63 |      33 |  34.4
   Shoals:1 |   12669 |    4259 |  25.2 |      26 |       9 |  25.7
   Shoals:2 |   11832 |   10012 |  45.8 |      24 |      13 |  35.1
   Shoals:3 |   13075 |    3217 |  19.7 |      22 |       4 |  15.4
   Shoals:4 |   14560 |   26331 |  64.4 |      29 |      41 |  58.6
   Spider:1 |   25059 |    1816 |   6.8 |      63 |       6 |   8.7
   Spider:2 |   20658 |    4944 |  19.3 |      56 |       2 |   3.4
   Spider:3 |   31528 |    5456 |  14.8 |      66 |       7 |   9.6
   Spider:4 |   15877 |   19509 |  55.1 |      33 |      36 |  52.2
    Slime:1 |    4045 |       0 |   0.0 |       4 |       0 |   0.0
    Slime:2 |    5145 |       0 |   0.0 |       8 |       0 |   0.0
    Slime:3 |    2067 |       0 |   0.0 |       6 |       0 |   0.0
    Slime:4 |    1828 |       0 |   0.0 |       8 |       0 |   0.0
    Slime:5 |   11118 |   26838 |  70.7 |      20 |      19 |  48.7
      Orc:1 |    2566 |       0 |   0.0 |      26 |       0 |   0.0
      Orc:2 |    2641 |   16996 |  86.6 |      21 |      61 |  74.4
      Elf:1 |   21857 |    8472 |  27.9 |      32 |      15 |  31.9
      Elf:2 |   19039 |    6137 |  24.4 |      32 |       7 |  17.9
      Elf:3 |   15051 |   29778 |  66.4 |      26 |      27 |  50.9
   Vaults:1 |   25617 |   15192 |  37.2 |      37 |      16 |  30.2
   Vaults:2 |   23597 |   13058 |  35.6 |      35 |      18 |  34.0
   Vaults:3 |   28779 |   17399 |  37.7 |      43 |      24 |  35.8
   Vaults:4 |   29903 |   50814 |  63.0 |      42 |      47 |  52.8
   Vaults:5 |   13456 |   84534 |  86.3 |      16 |      67 |  80.7
    Crypt:1 |   23140 |       0 |   0.0 |      39 |       0 |   0.0
    Crypt:2 |   28711 |    2317 |   7.5 |      42 |       2 |   4.5
   Depths:1 |   18532 |     876 |   4.5 |      24 |       1 |   4.0
   Depths:2 |   18740 |   19493 |  51.0 |      23 |      19 |  45.2
   Depths:3 |   27233 |   57493 |  67.9 |      27 |      53 |  66.2
   Depths:4 |   25386 |   15645 |  38.1 |      20 |      11 |  35.5
      Zot:1 |   20263 |       0 |   0.0 |      19 |       0 |   0.0
      Zot:2 |    1414 |       0 |   0.0 |       1 |       0 |   0.0
      Zot:3 |    3371 |       0 |   0.0 |       2 |       0 |   0.0
      Zot:4 |    5809 |       0 |   0.0 |       5 |       0 |   0.0
      Zot:5 |   18655 |   90551 |  82.9 |      17 |      33 |  66.0
 Desolation |       0 |   47259 | 100.0 |       0 |      94 | 100.0
   Gauntlet |       0 |    3510 | 100.0 |       0 |      14 | 100.0
            +---------+---------+-------+---------+---------+-------

Skill      XL: |  1  2  3  4  5  6  7  8  9 10 11 12 13 14 15 16 17 18 19 20 21 22 23 24 25 26 27 |
---------------+----------------------------------------------------------------------------------+-----
Stealth        | 1 2 5 6 9 12 19 21 | 21.0
Poison Magic   | 1 4 |  4.2
Conjurations   | 1 3 4 5 6 8 10 | 10.0
Air Magic      | 1 5 8 10 | 10.0
Spellcasting   | 1 3 5 6 8 10 11 13 14 16 | 16.0
Hexes          | 1 5 |  5.0
Fighting       | 4 7 8 10 14 15 18 20 | 20.0
Dodging        | 5 6 8 10 12 14 16 19 | 19.4
Shields        | 5 6 8 10 15 16 | 16.0
Ice Magic      | 5 |  5.0
Translocations | 4 |  4.0
Summonings     | 5 6 10 | 10.0
Invocations    | 6 8 12 | 12.2
Evocations     | 6 8 9 10 | 10.0
Maces & Flails | 10 | 10.0
Necromancy     | 4 8 10 14 16 | 16.4
Earth Magic    | 4 |  4.0
Polearms       | 10 14 | 14.0
Short Blades   | |  1.0

Action                     |  1- 3 |  4- 6 |  7- 9 | 10-12 | 13-15 | 16-18 | 19-21 | 22-24 | 25-27 || total
---------------------------+-------+-------+-------+-------+-------+-------+-------+-------+-------++-------
  Melee: Mace              |    57 |    80 |   111 |    56 |       |       |       |       |       ||   304
         Constrict         |    12 |    21 |    28 |    34 |    34 |    67 |    34 |    84 |    45 ||   359
         Tentacles         |     8 |    13 |    31 |    33 |    51 |    79 |    73 |   162 |   138 ||   588
         Punch             |     1 |       |     1 |     3 |     1 |     5 |     3 |    18 |     8 ||    40
         Staff             |       |       |       |    54 |     2 |       |       |       |       ||    56
         Demon whip        |       |       |       |       |   169 |       |       |       |       ||   169
         Demon trident     |       |       |       |       |    23 |   540 |   621 |   951 |   833 ||  2968
         Peck              |       |       |       |       |       |       |       |       |    10 ||    10
   Cast: Poisonous Vapours |       |    18 |    40 |    65 |       |       |       |       |       ||   123
         Mephitic Cloud    |       |     1 |     9 |     4 |       |       |       |       |       ||    14
         Fulminant Prism   |       |       |    25 |    18 |     2 |       |       |       |       ||    45
         Freezing Cloud    |       |       |       |    47 |    62 |    63 |    58 |    35 |     9 ||   274
         Airstrike         |       |       |       |    53 |   277 |   121 |   130 |    45 |     9 ||   635
         Summon Forest     |       |       |       |     8 |    32 |    22 |    18 |     9 |     2 ||    91
         Blink             |       |       |       |     3 |     1 |     6 |       |    14 |    15 ||    39
         Summon Lightning  |       |       |       |       |    74 |    51 |    37 |     6 |     5 ||   173
         Borgnjor's Vile C |       |       |       |       |     6 |    10 |    17 |    25 |     9 ||    67
         Animate Dead      |       |       |       |       |     2 |     9 |    14 |    11 |     3 ||    39
         Teleport Other    |       |       |       |       |       |       |     1 |       |       ||     1
         Spellforged Servi |       |       |       |       |       |       |     4 |    35 |    28 ||    67
         Haunt             |       |       |       |       |       |       |     1 |    24 |    48 ||    73
         Infestation       |       |       |       |       |       |       |       |     1 |    11 ||    12
         Leda's Unmaking   |       |       |       |       |       |       |       |       |     9 ||     9
 Invoke: Slouch            |       |       |       |       |     1 |     8 |     5 |     6 |    10 ||    30
         Step From Time    |       |       |       |       |       |       |       |     1 |       ||     1
         Bend Time         |       |       |       |       |       |       |       |       |     1 ||     1
Ability: Evoke Blink       |       |       |       |       |       |     1 |       |       |       ||     1
  Evoke: Wand              |       |     2 |    14 |     5 |       |       |       |     1 |     2 ||    24
         Lightning rod     |       |       |       |     3 |     7 |     5 |    12 |       |     5 ||    32
         Sack of spiders   |       |       |       |       |     3 |     3 |     2 |       |     4 ||    12
         Tin of tremorston |       |       |       |       |       |     1 |     2 |     2 |     1 ||     6
         Phantom mirror    |       |       |       |       |       |       |     1 |       |     1 ||     2
    Use: Scroll            |     4 |     4 |     9 |    10 |    13 |     7 |     1 |     6 |    19 ||    73
         Potion            |       |     3 |       |       |       |     2 |       |     5 |     8 ||    18
   Stab: Sleeping          |    16 |    10 |     3 |       |     1 |    12 |    13 |    77 |    61 ||   193
         Distracted        |       |     1 |     1 |     2 |     8 |    39 |    26 |    50 |    41 ||   168
         Confused          |       |       |     7 |     1 |       |       |       |       |       ||     8
         Held in net/web   |       |       |       |       |       |       |       |       |     2 ||     2
 Armour: Skin              |    20 |    42 |    51 |    45 |    72 |   128 |    76 |   161 |   123 ||   718
  Dodge: Dodged            |    25 |    42 |   103 |    87 |   151 |   239 |   247 |   285 |   329 ||  1508
         Repelled          |       |       |       |       |       |     2 |     6 |    14 |    16 ||    38
  Block: Buckler           |       |       |     7 |   103 |   124 |    32 |       |       |       ||   266
         Reflection        |       |       |       |     8 |     8 |    15 |       |       |       ||    31
         Kite shield       |       |       |       |       |       |   221 |   290 |   355 |   369 ||  1235

Illustrated notes

Table legend:
 A = Kills in this place as a percentage of kills in the entire game.
 B = Kills by you in this place as a percentage of kills by you in the entire game.
 C = Kills by friends in this place as a percentage of kills by friends in the entire game.
 D = Other kills in this place as a percentage of other kills in the entire game.
 E = Experience gained in this place as a percentage of experience gained in the entire game.
 F = Experience gained in this place divided by the number of levels of this place that you have seen.
                   A       B       C       D       E      F
               +-------+-------+-------+-------+-------+----------------------
         Total | 100.0 | 100.0 | 100.0 | 100.0 | 100.0 | 23023.4
       Dungeon |  19.3 |  22.4 |  10.4 |   5.1 |   6.0 | 5154.3
          Lair |  12.5 |  11.5 |  19.2 |   1.0 |   6.2 | 15906.2
        Shoals |   7.4 |   6.4 |  11.8 |   5.1 |   7.4 | 23988.8
   Spider Nest |  11.8 |  11.4 |  12.9 |  14.1 |   9.7 | 31211.8
    Slime Pits |   2.9 |   3.2 |   1.2 |   4.0 |   4.0 | 10208.2
  Orcish Mines |   4.8 |   4.4 |   7.4 |   0.0 |   1.7 | 11101.5
   Elven Halls |   6.1 |   6.0 |   6.0 |   8.1 |   7.8 | 33444.7
        Vaults |  15.2 |  15.9 |   9.9 |  26.3 |  23.5 | 60469.8
         Crypt |   3.7 |   3.6 |   2.5 |   9.1 |   4.2 | 27084.0
        Depths |   7.9 |   7.0 |   9.7 |  15.2 |  14.3 | 46078.8
           Zot |   3.7 |   2.8 |   6.0 |  10.1 |  11.4 | 29296.8
    Desolation |   4.1 |   4.8 |   2.1 |   2.0 |   3.7 | 47259.0
      Gauntlet |   0.6 |   0.6 |   0.9 |   0.0 |   0.3 | 3510.0
               +-------+-------+-------+-------+-------+----------------------

Table legend: (Time is in decaauts)
 A = Elapsed time spent in this place.
 B = Non-inter-level travel time spent in this place.
 C = Inter-level travel time spent in this place.
 D = Time resting spent in this place.
 E = Time spent auto-exploring this place.
 F = Levels seen in this place.
 G = Mean time per level.
                   A        B        C        D        E       F      G
               +--------+--------+--------+--------+--------+-----+--------+
         Total | 105140 |  90066 |  15074 |  13369 |  61132 |  56 | 1877.5 |
       Dungeon |  27959 |  23126 |   4833 |   3285 |  16493 |  15 | 1863.9 |
          Lair |  14587 |  13015 |   1572 |   1944 |   9511 |   5 | 2917.4 |
        Shoals |   7633 |   7237 |    396 |    931 |   5250 |   4 | 1908.2 |
   Spider Nest |  10708 |  10184 |    524 |   1681 |   7066 |   4 | 2677.0 |
    Slime Pits |    987 |    882 |    105 |    122 |      0 |   5 |  197.4 |
  Orcish Mines |   4148 |   3185 |    963 |    409 |   2236 |   2 | 2074.0 |
   Elven Halls |   6087 |   5716 |    371 |    556 |   4165 |   3 | 2029.0 |
        Vaults |  15481 |  11943 |   3538 |   1556 |   8302 |   5 | 3096.2 |
         Crypt |   2263 |   2126 |    137 |    232 |   1454 |   2 | 1131.5 |
        Depths |  10249 |   7695 |   2554 |   1735 |   4726 |   4 | 2562.2 |
           Zot |   2159 |   2083 |     76 |    385 |    745 |   5 |  431.8 |
    Desolation |   1770 |   1770 |      0 |    293 |    690 |   1 | 1770.0 |
      Gauntlet |   1104 |   1104 |      0 |    238 |    492 |   1 | 1104.0 |
               +--------+--------+--------+--------+--------+-----+--------+

Top non-repeatable levels by time:
Vaults:4: 3939 daAuts
Spider:4: 3733 daAuts
  Lair:5: 3701 daAuts
Vaults:1: 3488 daAuts
Vaults:2: 3471 daAuts
Depths:4: 3344 daAuts
   Orc:2: 3201 daAuts
  Lair:2: 3149 daAuts
    D:13: 3035 daAuts
   Elf:3: 2988 daAuts
Depths:3: 2954 daAuts
    D:10: 2892 daAuts
  Lair:1: 2840 daAuts
  Lair:3: 2651 daAuts
Vaults:5: 2592 daAuts
